 Dungeon Crawl Stone Soup version 0.31-a0-1134-gb247575 (webtiles) character file.

Game seed: 17877017031000288182

19571590 PurpleRed the Archmage (level 27, 199/199 HPs)
             Began as a Deep Elf Earth Elementalist on Dec 3, 2023.
             Was the Champion of Vehumet.
             Escaped with the Orb
             ... and 15 runes on Dec 5, 2023!
             The game lasted 05:15:31 (78437 turns).

PurpleRed the Archmage (DEEE)                      Turns: 78437, Time: 05:15:31

Health: 199/199    AC: 14    Str:  9    XL:     27
Magic:  56/56      EV: 32    Int: 44    God:    Vehumet [******]
Gold:   11124      SH: 21    Dex: 20    Spells: 9/80 levels left

rFire   + + .        a - +3 Elemental Staff {ele, rElec rF+ rC+ AC+3}
rCold   + + +        Z - +5 kite shield {rC+ rF+}
rNeg    + + +        E - +1 robe of Vines {NoPotionHeal Regen++++}
rPois   ∞            K - +2 helmet {Int+3}
rElec   +            D - scarf {repulsion}
rCorr   .            H - +1 pair of gloves of the Old and Reckless {rN+ Regen+ Str+2 Stlth+}
SInv    .            y - +0 pair of boots of Light {Will+ Str+2}
Will    ++++.        t - amulet of Xom's Malicious Joy {RegenMP Harm Fragile Dex+2 Stlth+}
Stlth   +++          M - ring of the Mage {Wiz Archmagi}
HPRegen 4.53/turn    S - ring "Cesiahia" {Int+6 Dex+3 Stlth-}
MPRegen 0.75/turn

%: harm (+30% outgoing, +20% incoming), repel missiles, wizardry (x1), archmagi
@: death-form, studying 5 skills
A: vile attack, torment immunity, no potions, (berserk 1)
0: Orb of Zot
}: 15/15 runes: serpentine, barnacled, slimy, silver, golden, iron, obsidian,
icy, bone, abyssal, demonic, glowing, magical, fiery, dark
a: Siphon Essence, Begin Untransformation, Renounce Religion


You escaped.
You worshipped Vehumet.
Vehumet was exalted by your worship.
You were an undying horror.
You visited 18 branches of the dungeon, and saw 87 of its levels.
You visited Pandemonium 1 time, and saw 16 of its levels.
You visited the Abyss 1 time.
You visited 1 bazaar.
You completed 1 ziggurat, and saw 27 of its levels.
You also visited: Trove, Ice Cave and Wizlab.

You collected 15299 gold pieces.
You spent 4175 gold pieces at shops.

Inventory:

Hand Weapons
 a - the +3 Elemental Staff (weapon) {ele, rElec rF+ rC+ AC+3}
   (You found it on level 4 of the Depths)

   AC+3:      It affects your AC (+3).
   rF+:       It protects you from fire.
   rC+:       It protects you from cold.
   rElec:     It insulates you from electricity.
 C - the +11 Singing Sword {sonic wave}
   (You found it on level 14 of a ziggurat)
 T - the +8 demon blade "Leech" {evervamp, Harm Drain rN+}
   (You found it on level 3 of the Elven Halls)

   rN+:       It protects you from negative energy.
   Drain:     It drains your maximum health when unequipped.
   Harm:      It increases damage dealt and taken.
 U - a +9 eudemon blade of holy wrath
Armour
 l - the +1 robe of Impatience {rElec rF+ rC+ rN+}
   (You found it on level 5 of the Pits of Slime)

   rF+:       It protects you from fire.
   rC+:       It protects you from cold.
   rElec:     It insulates you from electricity.
   rN+:       It protects you from negative energy.
 y - the +0 pair of boots of Light (worn) {Will+ Str+2}
   (You found it on level 3 of the Shoals)

   Str+2:     It affects your strength (+2).
   Will+:     It increases your willpower.
 z - a +2 helmet of see invisible
 B - the +2 cloak of the Curupira {-Tele Regen+ Str+3}
   (You found it on level 21 of a ziggurat)

   Str+3:     It affects your strength (+3).
   -Tele:     It prevents most forms of teleportation.
   Regen+:    It increases your rate of health regeneration.
 D - a scarf of repulsion (worn)
 E - the +1 robe of Vines (worn) {NoPotionHeal Regen++++}
   (You found it on level 20 of a ziggurat)

   NoPotionHeal: Its wearer cannot be healed by potions.
   Regen++++: It increases your rate of health regeneration.
 H - the +1 pair of gloves of the Old and Reckless (worn) {rN+ Regen+ Str+2 Stlth+}
   (You found it on level 27 of a ziggurat)

   Str+2:     It affects your strength (+2).
   rN+:       It protects you from negative energy.
   Regen+:    It increases your rate of health regeneration.
   Stlth+:    It makes you more stealthy.
 J - the +2 pair of boots of Refuge {rElec Dex+2}
   (You found it on level 12 of a ziggurat)

   Dex+2:     It affects your dexterity (+2).
   rElec:     It insulates you from electricity.
 K - a +2 helmet of intelligence (worn)
 Z - a +5 kite shield of resistance (worn)
Magical Staves
 i - the staff of the Big Fish {rN+ Int+3 Dex+3 Necro}
   (You found it on level 4 of the Shoals)

   [staff of death]

   Base accuracy: +5 Base damage: 5 Base attack delay: 1.2 This weapon's minimum
   attack delay (0.6) is reached at skill level 12.
   Int+3:     It affects your intelligence (+3).
   Dex+3:     It affects your dexterity (+3).
   rN+:       It protects you from negative energy.
   Necro:     It increases the power of your Necromancy spells.
   It falls into the 'Staves' category.
   It is a one-handed weapon.
Jewellery
 b - the amulet "Jeqymo" {Reflect Will+ MP+9 SH+5}
   (You found it in a treasure trove)

   [amulet of reflection]

   Reflect:   It reflects blocked missile attacks.
   Will+:     It increases your willpower.
   MP+9:      It affects your magic capacity (+9).
   SH+5:      It affects your SH (+5).
 j - the ring of the Bespelled Cherry {rF+ rC+ rCorr MP+9 Dex-5}
   (You found it in a treasure trove)

   [ring of magical power]

   Dex-5:     It affects your dexterity (-5).
   rF+:       It protects you from fire.
   rC+:       It protects you from cold.
   MP+9:      It affects your magic capacity (+9).
   rCorr:     It protects you from acid and corrosion.
 t - the amulet of Xom's Malicious Joy (around neck) {RegenMP Harm Fragile Dex+2 Stlth+}
   (You found it on level 3 of the Elven Halls)

   [amulet of magic regeneration]

   RegenMP:   It increases your rate of magic regeneration.
   Dex+2:     It affects your dexterity (+2).
   Fragile:   It will be destroyed if unequipped.
   Harm:      It increases damage dealt and taken.
   Stlth+:    It makes you more stealthy.
 x - a ring of flight
 F - the ring of Hikihamm {Wiz rElec rN+ SInv}
   (You bought it in a shop on level 1 of the Elven Halls)

   [ring of wizardry]

   Wiz:       It improves your spell success rate.
   rElec:     It insulates you from electricity.
   rN+:       It protects you from negative energy.
   SInv:      It lets you see invisible.
 I - the amulet of Hakif {rF+ Regen+ Int+5 Dex-3}
   (You found it on level 3 of the Elven Halls)

   [amulet of regeneration]

   Int+5:     It affects your intelligence (+5).
   Dex-3:     It affects your dexterity (-3).
   rF+:       It protects you from fire.
   Regen+:    It increases your rate of health regeneration.
 M - the ring of the Mage (left hand) {Wiz Archmagi}
   (You found it on level 15 of a ziggurat)

   [ring of wizardry]

   Wiz:       It improves your spell success rate.
   Archmagi:  It increases the power of your magical spells.
 S - the ring "Cesiahia" (right hand) {Int+6 Dex+3 Stlth-}
   (You took it off a spriggan berserker on level 3 of the Depths)

   [ring of intelligence]

   Int+6:     It affects your intelligence (+6).
   Dex+3:     It affects your dexterity (+3).
   Stlth-:    It makes you less stealthy.
 W - the ring "Peatocs" {rElec rN++ Will+ rCorr Dex+2}
   (You found it on level 19 of a ziggurat)

   [ring of resist corrosion]

   Dex+2:     It affects your dexterity (+2).
   rElec:     It insulates you from electricity.
   rN++:      It greatly protects you from negative energy.
   Will+:     It increases your willpower.
   rCorr:     It protects you from acid and corrosion.
 X - the ring of Plog {+Blink Will+++ EV+5 Int+2 Stlth-}
   (You found it on level 24 of a ziggurat)

   [ring of evasion]

   EV+5:      It affects your evasion (+5).
   Int+2:     It affects your intelligence (+2).
   Will+++:   It greatly increases your willpower.
   +Blink:    It lets you blink.
   Stlth-:    It makes you less stealthy.
Talismans
 L - a talisman of death (active)
Wands
 g - a wand of light (108)
 A - a wand of digging (21)
 N - a wand of iceblast (227)
Scrolls
 c - 14 scrolls of enchant armour
 f - 13 scrolls of fear
 k - 6 scrolls of butterflies
 n - 19 scrolls of blinking
 o - 40 scrolls of teleportation
 w - 16 scrolls of fog
 Y - 18 scrolls of amnesia
Potions
 d - 8 potions of ambrosia
 e - 10 potions of enlightenment
 h - 6 potions of invisibility
 m - a potion of brilliance
 p - a potion of resistance
 q - 14 potions of cancellation
 s - 25 potions of curing
 u - 21 potions of heal wounds
 v - 29 potions of mutation
 P - a potion of haste
 Q - 11 potions of magic
 V - 7 potions of might
Miscellaneous
 r - a lightning rod (4/4)
 G - a phial of floods
 R - 2 +1 figurines of a ziggurat


   Skills:
 O Level 27 Fighting
 - Level 14.0 Long Blades
 - Level 10.0 Armour
 O Level 27 Dodging
 + Level 16.9 Stealth
 - Level 18.0 Shields
 O Level 27 Spellcasting
 O Level 27 Conjurations
 - Level 5.0 Necromancy
 - Level 2.0 Translocations
 - Level 1.1 Transmutations
 - Level 22.0 Fire Magic
 - Level 20.0 Air Magic
 O Level 27 Earth Magic
 - Level 23.0 Shapeshifting


You had 9 spell levels left.
You knew the following spells:

 Your Spells              Type           Power      Damage    Failure   Level
a - Lehudib's Crystal Sp  Conj/Erth      96%        10d21     1%          8
b - Fire Storm            Conj/Fire      93%        8d24      1%          9
c - Ignition              Fire           90%        3d23      1%          8
d - Iskenderun's Mystic   Conj/Tloc      100%       2d19      0%          4
e - Fireball              Conj/Fire      93%        3d34      0%          5
f - Chain Lightning       Conj/Air       92%        3d122     1%          9
g - Orb of Destruction    Conj           82%        9d18      0%          7
h - Blink                 Tloc           100%       N/A       1%          2
i - Stone Arrow           Conj/Erth      100%       3d13      0%          3
j - Brom's Barrelling Bo  Conj/Erth      100%       2d11      0%          4
k - Apportation           Tloc           100%       N/A       1%          1
s - Shatter               Erth           96%        3d69*     1%          9
x - Sublimation of Blood  Necr           100%       N/A       1%          2

Your spell library contained the following spells:

 Spells                   Type           Power      Damage    Failure   Level
 Foxfire                  Conj/Fire      100%       2x1d9     0%          1
 Kiss of Death            Conj/Necr      100%       2d13      0%          1
 Magic Dart               Conj           100%       1d8       0%          1
 Sandblast                Erth           100%       2d20      0%          1
 Shock                    Conj/Air       100%       1d9       0%          1
 Cigotuvi's Dreadful Rot  Necr/Pois/Air  100%       N/A       0%          2
 Momentum Strike          Conj/Tloc      100%       3d10      0%          2
 Passwall                 Tmut/Erth      100%       N/A       0%          2
 Poisonous Vapours        Pois/Air       100%       N/A       0%          2
 Searing Ray              Conj           100%       2d8       0%          2
 Static Discharge         Conj/Air       100%       3-8/arc   0%          2
 Dazzling Flash           Conj/Hex       100%       N/A       0%          3
 Hailstorm                Conj/Ice       100%       3d16      0%          3
 Inner Flame              Hex/Fire       100%       N/A       0%          3
 Mephitic Cloud           Conj/Pois/Air  100%       N/A       0%          3
 Swiftness                Air            100%       N/A       0%          3
 Volatile Blastmotes      Fire/Tloc      100%       2d18      0%          3
 Airstrike                Air            88%        2d(13-29) 0%          4
 Animate Armour           Summ/Erth      100%       N/A       0%          4
 Flame Wave               Conj/Fire      100%       2d21      0%          4
 Fulminant Prism          Conj/Hex       66%        3d27      0%          4
 Leda's Liquefaction      Hex/Erth       79%        N/A       0%          4
 Petrify                  Tmut/Erth      100%       N/A       0%          4
 Sticky Flame             Conj/Fire      100%       2d11      0%          4
 Arcjolt                  Conj/Air       92%        1d102     0%          5
 Borgnjor's Vile Clutch   Necr/Erth      83%        N/A       0%          5
 Freezing Cloud           Conj/Ice/Air   95%        6-21      0%          5
 Iskenderun's Battlesphe  Conj           100%       2d15      0%          5
 Lee's Rapid Deconstruct  Erth           96%        3d42*     0%          5
 Bombard                  Conj/Erth      96%        9d15      0%          6
 Conjure Ball Lightning   Conj/Air       92%        3x3d35    0%          6
 Starburst                Conj/Fire      93%        6d23      0%          6
 Freeze                   Ice            100%       1d10      1%          1
 Necrotise                Necr           100%       1d9       1%          1
 Slow                     Hex            100%       N/A       1%          1
 Sting                    Tmut/Pois      100%       1d8       1%          1
 Summon Small Mammal      Summ           100%       N/A       1%          1
 Call Imp                 Summ           100%       N/A       1%          2
 Ensorcelled Hibernation  Hex/Ice        100%       N/A       1%          2
 Jinxbite                 Hex            100%       N/A       1%          2
 Lesser Beckoning         Tloc           100%       N/A       1%          2
 Wereblood                Tmut           80%        N/A       1%          2
 Call Canine Familiar     Summ           73%        N/A       1%          3
 Confusing Touch          Hex            73%        N/A       1%          3
 Frozen Ramparts          Ice            100%       1d16      1%          3
 Gell's Gravitas          Tloc           86%        N/A       1%          3
 Ignite Poison            Fire/Tmut/Pois 100%       N/A       1%          3
 Ozocubu's Armour         Ice            93%        N/A       1%          3
 Sigil of Binding         Hex            73%        N/A       1%          3
 Summon Guardian Golem    Hex/Summ       73%        N/A       1%          3
 Teleport Other           Tloc           86%        N/A       1%          3
 Tukima's Dance           Hex            73%        N/A       1%          3
 Vampiric Draining        Necr           100%       2d13      1%          3
 Anguish                  Hex/Necr       44%        N/A       1%          4
 Animate Dead             Necr           100%       N/A       1%          4
 Cause Fear               Hex            36%        N/A       1%          4
 Dimensional Bullseye     Hex/Tloc       40%        N/A       1%          4
 Dispel Undead            Necr           100%       3d31      1%          4
 Manifold Assault         Tloc           86%        N/A       1%          4
 Olgreb's Toxic Radiance  Pois           73%        N/A       1%          4
 Passage of Golubria      Tloc           86%        N/A       1%          4
 Summon Ice Beast         Ice/Summ       93%        N/A       1%          4
 Summon Lightning Spire   Summ/Air       100%       N/A       1%          4
 Vhi's Electric Charge    Tloc/Air       100%       N/A       1%          4
 Agony                    Necr           100%       N/A       1%          5
 Irradiate                Conj/Tmut      67%        3d34      1%          5
 Silence                  Hex/Air        73%        N/A       1%          5
 Yara's Violent Unravell  Hex/Tmut       38%        3d15      1%          5
 Spellforged Servitor     Conj/Summ      66%        N/A       1%          7
 Maxwell's Capacitive Co  Air            88%        ∞         1%          8
 Summon Forest            Summ/Tloc      40%        N/A       3%          5
 Death Channel            Necr           50%        N/A       3%          6
 Alistair's Intoxication  Tmut/Pois      51%        N/A       4%          5
 Metabolic Englaciation   Hex/Ice        46%        N/A       4%          5
 Summon Mana Viper        Hex/Summ       73%        N/A       4%          5
 Eringya's Noxious Bog    Tmut/Pois      38%        4d6       6%          6
 Simulacrum               Ice/Necr       55%        N/A       10%         6
 Dispersal                Tloc           43%        N/A       12%         6
 Summon Cactus Giant      Summ           36%        N/A       26%         6
 Ozocubu's Refrigeration  Ice            46%        4d17      32%         7
 Haunt                    Necr/Summ      44%        N/A       45%         7
 Malign Gateway           Summ/Tloc      40%        N/A       65%         7
 Enfeeble                 Hex            36%        N/A       78%         7
 Summon Hydra             Summ           36%        N/A       78%         7
 Borgnjor's Revivificati  Necr           50%        N/A       78%         8
 Infestation              Necr           50%        N/A       78%         8
 Disjunction              Tloc           43%        N/A       99%         8
 Polar Vortex             Ice            46%        12d6*     99%         9
 Discord                  Hex            36%        N/A       100%        8
 Summon Horrible Things   Summ           36%        N/A       100%        8
 Death's Door             Necr           50%        N/A       100%        9
 Dragon's Call            Summ           36%        N/A       100%        9


Dungeon Overview and Level Annotations

Branches:
Dungeon (15/15)            Temple (1/1) D:6            Lair (5/5) D:10
 Shoals (4/4) Lair:2        Snake (4/4) Lair:3        Slime (5/5) Lair:4
    Orc (2/2) D:12            Elf (3/3) Orc:2        Vaults (5/5) D:13
  Crypt (3/3) Vaults:3       Tomb (3/3) Crypt:3      Depths (4/4) D:15
   Hell (visited)             Dis (7/7) Hell            Geh (7/7) Hell
    Coc (7/7) Hell            Tar (7/7) Hell            Zot (5/5) Depths:4
  IceCv (visited)          WizLab (visited)

Altars:
Ashenzari
Cheibriados
Dithmenos
Elyvilon
Fedhas
Gozag
Hepliaklqana
Kikubaaqudgha
Makhleb
Nemelex Xobeh
Okawaru
Qazlal
Ru
Sif Muna
Trog
Uskayaw
Vehumet
Wu Jian
Xom
Yredelemnul
Zin
The Shining One
Jiyva

Shops:
D:3 ?   D:5 *   D:6 (   D:12 [   D:14 !   Orc:2 [!(!   Elf:1 =   Snake:3 ==
Snake:4 ***   Vaults:1 (   Vaults:2 (   Vaults:4 [

Portals:
Hell: Depths:1 Depths:2 Depths:3 Depths:4
Abyss: Depths:1 Depths:3 Depths:4
Pandemonium: Depths:2 Depths:3

Annotations:
Lair:1 2 transporters, Fomudeo's ghost, journeyman OpFi
Elf:2 3 runed translucent doors


Innate Abilities, Weirdness & Mutations

You are an undying horror.
Your melee and unarmed attacks drain, slow and weaken victims.
You are immune to unholy pain and torment.
You cannot drink.
You are immune to poison.
((You sometimes lose your temper in combat.))


Message History

You kill Inuuwnixt!
Vehumet accepts your kill.
You feel your power returning.
What level of the Dungeon? (default 1, ? - help)
Something is afflicted by dizzying energies!
Magic restored.
Vehumet accepts your kill.
You feel a bit more experienced.
What level of the Dungeon? (default 1, ? - help)
There is a stone staircase leading up here.
You climb upwards.
Magic restored.
There is a stone staircase leading down here.
An Orb Guardian comes into view.
Casting: Fire Storm (mildly dangerous; 1% risk of failure)
Confirm with . or Enter, or press ? or * to list all spells.
You feel a strong surge of power!
The dungeon rumbles!
You kill the Orb Guardian!
Vehumet accepts your kill.
You feel your power returning.
Ka-crash!
What level of the Dungeon? (default 1, ? - help)
There is a stone staircase leading up here.
You climb upwards.
There is a stone staircase leading down here.
There is an open door here.
Aiming: Dig
Press: ? - help, Shift-Dir - straight line A rock wall.
This square is covered in magical glow.
The rock shatters into small pieces.
Aiming: Dig
Press: ? - help, Shift-Dir - straight line A rock wall.
This square is covered in magical glow.
The rock shatters into small pieces.
You open the door.
There is an open door here.
There is a staircase leading out of the dungeon here.
You have escaped!

##.#.......#.####..............)
####..#####.........####.########
.......................#....#####
######.####.#................(...
......#.##.......................
###...##.#.....#.#...#.#.........
..#...###......+.....#.########.#
#.#...# ##.....###...#.####......
#.#.### ##....'z'.......##.###.#
#.#.# #....###...#.#..#.#...#
..#.# #.#.## #...#.##.#.#.###
....#######.######...#.##.#...###
..(...............).............#
###########.####.#...#.#.>..###.#
#................##.#....# #.#
####.##......)......##.#....###.#
....................#.........#.#


There were no monsters in sight!

Vanquished Creatures
  Cerebov (Pan)
  Antaeus (Coc:7)
  Asmodeus (Geh:7)
  the Royal Jelly (Slime:5)
  Ereshkigal (Tar:7)
  Gloorx Vloq (Pan)
  the Serpent of Hell (Coc:7)
  Lom Lobon (Pan)
  Mnoleg (Pan)
  A seraph (Pan)
  Dispater (Dis:7)
  5 dread liches
  9 orbs of fire (Zot:5)
  10 ancient liches
  The ghost of Kaonimui the Slayer, a master DjHW of Makhleb (Zot:1)
  Mennas (Pan)
  The ghost of Beovasaf the Slayer, a master DsHu of Okawaru (Zot:1)
  3 juggernauts
  54 royal mummies
  The ghost of Cigeacw the Skullcrusher, a veteran MiFi of Okawaru (Zot:1)
  4 Killer Klowns
  6 shard shrikes
  Saint Roka (Vaults:5)
  2 curse toes
  18 caustic shrikes
  Nikola (Shoals:2)
  Geryon (Hell)
  8 pandemonium lords
  Norris (Vaults:2)
  Jory (Crypt:3)
  6 profane servitors
  16 golden dragons
  8 bone dragons
  4 doom hounds
  8 Tzitzimimeh
  6 electric golems
  A spectral shard shrike (Tar:3)
  10 iron giants
  19 hellephants
  12 Brimstone Fiends
  15 tentacled monstrosities
  22 liches
  6 tainted leviathans
  19 Hell Sentinels
  25 Ice Fiends
  16 deep elf master archers
  12 titans
  6 quicksilver dragons
  28 Orb Guardians
  The ghost of Tezivu the Earth Mage, an adept DEEE of Vehumet (Shoals:3)
  A walking divine tome (Depths:4)
  Polyphemus (Shoals:4)
  A kraken (Shoals:4)
  Murray (Hell)
  20 deep elf blademasters
  35 ancient champions
  Frances (D:14)
  19 Executioners
  7 searing wretches
  9 sphinxes
  29 acid blobs
  Gastronok (D:9)
  5 tentacled starspawn
  4 death cobs
  8 shadow dragons
  5 thorn hunters
  Aizul (Snake:2)
  6 rockslimes
  4 tengu reavers
  14 fenstrider witches
  11 deep elf sorcerers
  15 storm dragons
  3 draconian monks (Zot:1)
  16 narguns
  16 nagarajas
  7 demonspawn warmongers
  6 revenants
  7 daevas
  16 frost giants
  4 draconian knights
  2 iron dragons
  13 azure jellies
  20 fire giants
  16 vault wardens
  3 emperor scorpions (Zig:18)
  9 shard shrike simulacra
  7 draconian shifters
  9 ghost moths
  9 deep elf elementalists
  13 quicksilver elementals
  6 ghouls
  3 orc warlords
  9 curse skulls
  Louise (Depths:3)
  2 draconian scorchers (Zot:1)
  44 balrugs
  5 draconian annihilators
  A broodmother (Zig:18)
  4 demonspawn blood saints (Pan)
  2 draconian stormcallers
  A juggernaut zombie (Crypt:3)
  A caustic shrike zombie (Crypt:3)
  18 cacodemons
  3 juggernaut skeletons
  18 angels
  5 demonspawn corrupters
  5 ironbound thunderhulks
  32 very ugly things
  14 quicksilver oozes
  4 spriggan defenders (Depths:4)
  15 stone giants
  2 caustic shrike skeletons
  16 ironbound preservers
  19 reapers
  7 formless jellyfish
  26 war gargoyles
  A green draconian (Zot:3)
  3 apis (Pan)
  28 elemental wellsprings
  25 deep elf demonologists
  Nessos (Lair:4)
  20 bennus
  11 vampire knights
  13 black draconians
  5 eleionomae
  9 ophanim
  5 spark wasps
  11 putrid mouths
  11 demonspawn black suns
  4 bunyips
  16 dire elephants
  3 purple draconians
  2 spectral titans (Tar:2)
  9 lorocyprocas
  9 red draconians
  10 white draconians
  11 wendigos
  5 yellow draconians
  20 deep elf annihilators
  Snorg (D:14)
  14 eidola
  20 iron golems
  13 deep elf death magi
  An ettin (shapeshifter) (Vaults:5)
  7 ettins
  A merfolk javelineer (Shoals:4)
  4 crystal guardians
  19 blizzard demons
  11 yaktaur captains
  10 jiangshi
  5 merfolk impalers
  2 quicksilver dragon zombies
  29 green deaths
  Josephine (D:14)
  11 fire dragons
  39 mummy priests
  11 shambling mangroves
  30 salamander tyrants
  6 great orbs of eyes
  An entropy weaver (Zig:3)
  15 deep elf high priests
  3 spriggan zombies
  5 rakshasas
  12 hydras
  36 vault guards
  4 hell beasts
  Erica (D:8)
  Fannar (D:10)
  2 peacekeepers
  6 juggernaut simulacra
  15 ice dragons
  6 caustic shrike simulacra
  12 spriggan air magi
  3 ghost crabs
  A jorogumo (Zig:18)
  3 radroaches (Zig:18)
  7 merfolk avatars
  6 ogre magi
  A spectral tengu (Zig:27)
  9 ironbound frosthearts
  6 merfolk aquamancers
  10 spriggan skeletons
  A spectral stone giant (Tar:2)
  5 boulder beetles
  4 alligators
  58 dancing weapons
  18 naga warriors
  7 stokers
  5 satyrs
  7 anacondas
  17 two-headed ogres
  2 alligator snapping turtles
  3 death knights
  A catoblepas (Shoals:4)
  12 deep troll shamans
  10 vampire magi
  15 centaur warriors
  A sphinx skeleton (Zig:26)
  13 tengu warriors
  13 demonic crawlers
  3 titan zombies
  44 death scarabs
  34 hell hogs
  8 death yaks
  6 deep troll earth magi
  4 occultists
  9 thrashing horrors
  12 spriggan berserkers
  A spectral storm dragon (Tar:2)
  8 shock serpents
  A shock serpent (shapeshifter) (Depths:1)
  25 soul eaters
  20 naga sharpshooters
  7 hell knights
  5 orc high priests
  51 sun demons
  36 deep elf knights
  6 holy swine (Pan)
  6 crystal echidnas
  8 salamander mystics
  3 fire crabs
  12 iron trolls
  9 spriggans
  12 wretched stars
  25 shadow wraiths
  Amaemon (Lair:1)
  4 pharaoh ants (Zig:18)
  26 sea snakes
  9 skysharks
  5 goliath frogs
  20 sixfirhies
  49 skeletal warriors
  A storm dragon skeleton (Zig:26)
  A death drake (Zig:20)
  47 deep trolls
  6 quicksilver dragon simulacra
  13 cherubim
  5 spriggan druids
  4 naga ritualists
  3 spatial maelstroms (Zig:19)
  A bunyip skeleton (Crypt:2)
  16 ironbound convokers
  4 orange crystal statues
  3 shadow demons
  8 flayed ghosts
  A shadow dragon zombie (Zig:26)
  A spectral iron dragon (Tar:3)
  2 orb spiders (Zig:18)
  Pikel (D:8)
  4 spriggan simulacra
  34 deep elf archers
  5 bog bodies
  3 golden dragon zombies
  An obsidian statue (Zig:2)
  2 swamp dragons (shapeshifter)
  10 glowing orange brains
  2 steelbarb worms (Zig:18)
  An iron giant skeleton (Pan)
  7 swamp dragons
  13 orc knights
  5 arcanists
  4 golden dragon skeletons
  34 harpies
  6 anaconda skeletons
  49 deep elf zephyrmancers
  A tengu zombie (Zig:26)
  14 phantasmal warriors
  A mana viper (shapeshifter) (Vaults:5)
  An iron dragon zombie (Depths:3)
  11 necromancers
  A broodmother zombie (Crypt:1)
  A jorogumo zombie (Crypt:1)
  5 lindwurms
  8 shining eyes
  4 wolf spiders
  3 mana vipers
  3 shadow dragon skeletons
  6 orc sorcerers
  Maurice (D:7)
  14 fauns
  46 deep elf pyromancers
  3 elephants
  8 cyclopes
  18 manticores
  4 iron dragon skeletons
  28 ugly things
  4 will-o-the-wisps
  22 oklob plants
  A frost giant skeleton (Vaults:5)
  A frost giant zombie (Depths:2)
  13 salamanders
  9 water nymphs
  9 guardian serpents
  A worldbinder (Zig:15)
  54 large abominations
  Joseph (D:8)
  9 merfolk sirens
  5 eyes of devastation
  24 orange demons
  9 rust devils
  2 naga zombies (Crypt:3)
  26 moths of wrath
  46 black mambas
  15 molten gargoyles
  6 titan simulacra
  A stone giant skeleton (Crypt:2)
  20 naga magi
  16 vault sentinels
  5 torpor snails
  2 kobold blastminers (Orc:2)
  A storm dragon simulacrum (Coc:1)
  2 gargoyles
  5 apocalypse crabs
  5 ice statues
  A water nymph (shapeshifter) (Depths:2)
  23 cane toads
  3 unseen horrors
  A dire elephant skeleton (Crypt:2)
  27 hellions
  3 spectral nagas
  7 efreet
  5 rime drakes
  24 smoke demons
  A spark wasp simulacrum (Depths:2)
  15 freezing wraiths
  3 centaur skeletons
  15 komodo dragons
  21 tormentors
  5 anaconda simulacra
  An iron giant simulacrum (Coc:6)
  2 tengu conjurers
  A great orb of eyes zombie (Crypt:2)
  23 yaktaurs
  6 ice devils
  A steelbarb worm zombie (Crypt:2)
  An unseen horror skeleton (Crypt:2)
  11 red devils
  7 ancient zymes
  69 guardian mummies
  A silent spectre (Tar:2)
  4 trolls
  3 spectral harpies
  12 hellwings
  A meliai (D:13)
  A meliai (shapeshifter) (Elf:2)
  6 harpy skeletons
  A queen bee (Lair:2)
  A harpy zombie (Crypt:3)
  14 merfolk
  2 tyrant leeches (Zig:23)
  8 polar bears
  2 alligator simulacra (IceCv)
  30 hornets
  23 wind drakes
  6 tarantellas
  9 glass eyes
  27 blink frogs
  2 iron dragon simulacra
  14 dream sheep
  117 slime creatures
  13 snapping turtles
  6 air elementals
  2 jumping spiders (Zig:18)
  68 flying skulls
  A merfolk skeleton (Tomb:1)
  13 water elementals
  11 wraiths
  Sigmund (D:3)
  10 dire elephant simulacra
  3 ettin skeletons
  6 culicivoras (Zig:18)
  3 vampires
  11 ynoxinuls
  14 ushabtiu
  3 basilisks
  7 fire bats
  2 wyverns (Lair:5)
  29 starcursed masses
  5 fire elementals
  15 golden eyes
  2 alligator snapping turtle simulacra (Coc:3)
  58 yaks
  2 redbacks (Zig:18)
  A black mamba skeleton (Pan)
  19 chaos spawn
  24 neqoxecs
  3 steam dragons
  5 vampire mosquitoes
  A spatial vortex (Zig:19)
  11 harpy simulacra
  A demonspawn zombie (Tomb:1)
  47 nagas
  2 glowing shapeshifter zombies
  A merfolk zombie (Crypt:2)
  3 wargs
  16 water moccasins
  Edmund (D:6)
  2 glowing shapeshifter skeletons (Zig:26)
  5 hydra simulacra (IceCv)
  Duvessa (D:6)
  6 naga skeletons
  22 orc warriors
  4 black bears
  A merfolk simulacrum (Coc:1)
  5 small abominations
  4 ettin simulacra
  10 ogres
  3 ice beasts
  A manticore zombie (Crypt:1)
  A lemure (D:8)
  4 wolves
  13 centaurs
  A lindwurm skeleton (Crypt:1)
  A swamp dragon skeleton (Crypt:2)
  A vine stalker zombie (Crypt:2)
  A phantom (Depths:3)
  3 kobold brigands
  7 necrophages
  4 scorpions
  14 bullfrogs
  A gnoll sergeant (D:8)
  2 naga simulacra
  7 earth elementals
  A glowing shapeshifter simulacrum (Depths:2)
  A troll zombie (Crypt:2)
  9 wights
  A yak zombie (Crypt:1)
  Dowan (D:6)
  A shapeshifter zombie (Crypt:1)
  A troll skeleton (Crypt:1)
  29 killer bees
  A lindwurm simulacrum (IceCv)
  8 howler monkeys
  6 electric eels
  2 vampire bats (Orc:1)
  A crimson imp (Abyss:1)
  A quasit (Abyss:3)
  A bullfrog zombie (Crypt:2)
  2 hounds (D:5)
  7 jellies
  40 orc priests
  3 gnoll boudas
  3 iguanas
  Jessica (D:3)
  4 lightning spires (Zig:21)
  23 orc wizards
  11 hell rats
  A sleepcap (D:6)
  97 mummies
  6 gnolls
  10 adders
  A shadow imp (D:5)
  A steam dragon skeleton (Crypt:2)
  A white imp (D:6)
  2 ufetubi (D:3)
  A worm (D:2)
  An adder skeleton (Crypt:1)
  84 orcs
  2 ball pythons
  10 endoplasms
  5 giant cockroaches
  7 goblins
  3 hobgoblins
  3 jackals (D:3)
  20 kobolds
  2 quokkas
  10 bats
  3 frilled lizards
  A jackal skeleton (Crypt:2)
  A jackal zombie (Crypt:2)
  3 rats (D:1)
  3 ball lightnings (Pan)
  5 creeping infernos
  2 fire vortices
  A starspawn tentacle (Zig:15)
4649 creatures vanquished.

Vanquished Creatures (collateral kills)
  A golden dragon (Zig:23)
  A bone dragon (Zig:27)
  A Tzitzimitl (Tar:7)
  A deep elf master archer (Zig:25)
  A storm dragon (Zot:3)
  A draconian knight (Zot:1)
  A vault warden (Vaults:3)
  A ghoul (Crypt:1)
  An ironbound preserver (Vaults:2)
  A very ugly thing (Vaults:5)
  A war gargoyle (Vaults:2)
  2 dire elephants
  2 lorocyprocas
  A green death (Zig:23)
  A satyr (shapeshifter) (Depths:3)
  A deep elf knight (Elf:1)
  A pharaoh ant (Zig:18)
  2 deep trolls
  An iron giant skeleton (Crypt:1)
  A phantasmal warrior (Crypt:2)
  3 deep elf pyromancers (Zig:22)
  A will-o-the-wisp (Zig:23)
  4 slime creatures
  A black mamba (Zig:21)
  A hellion (Zig:27)
  A harpy zombie (Crypt:3)
  A hornet (Zig:20)
  A jumping spider (Zig:18)
  A flying skull (Crypt:3)
  A wraith (Crypt:1)
  2 water elementals
  2 yaks
  2 chaos spawn
  3 golden eyes
  A vampire mosquito (Zig:20)
  A harpy simulacrum (Coc:7)
  A naga (Zig:21)
  A swamp drake (Zig:23)
  4 starcursed masses
  8 mummies
  6 boulders
69 creatures vanquished.

Vanquished Creatures (others)
  A shard shrike simulacrum (Coc:7)
  A demonspawn blood saint (Zig:12)
  A caustic shrike simulacrum (Coc:7)
  A dancing weapon (Pan)
  A bloated husk (Zig:23)
  A harpy simulacrum (Coc:7)
  An ettin simulacrum (Coc:1)
  A hell rat (Hell)
  6 boulders
  1170 fire vortices
  16 foxfires
  A starspawn tentacle (Zig:15)
1201 creatures vanquished.

Grand Total: 5919 creatures vanquished

Notes
Turn   | Place    | Note
-------+----------+-------------------------------------------
     0 | D:1      | PurpleRed the Deep Elf Earth Elementalist began the quest
                  | for the Orb.
     0 | D:1      | Reached XP level 1. HP: 10/10 MP: 6/6
   216 | D:1      | Reached skill level 1 in Conjurations
   258 | D:1      | Reached XP level 2. HP: 15/15 MP: 5/8
  1000 | D:2      | Noticed an ogre
  1055 | D:2      | Reached XP level 3. HP: 19/19 MP: 7/10
  1064 | D:2      | Learned a level 3 spell: Stone Arrow
  1252 | D:2      | Killed an ogre
  1253 | D:2      | Reached XP level 4. HP: 24/24 MP: 1/12
  1632 | D:3      | Reached XP level 5. HP: 28/28 MP: 8/13
  1633 | D:3      | Noticed Sigmund
  1816 | D:3      | Learned a level 2 spell: Blink
  1884 | D:3      | Killed Sigmund
  1885 | D:3      | Reached skill level 5 in Spellcasting
  1885 | D:3      | Reached skill level 1 in Translocations
  1885 | D:3      | Reached XP level 6. HP: 32/32 MP: 1/15
  2048 | D:3      | Noticed Jessica
  2085 | D:3      | Killed Jessica
  2171 | D:3      | Found Qoqilin's Magic Scroll Boutique.
  2179 | D:3      | Bought a scroll of blinking for 97 gold pieces
  2179 | D:3      | Bought a scroll of teleportation for 39 gold pieces
  2335 | D:3      | Found an iron altar of Okawaru.
  2335 | D:3      | Found a faded altar of an unknown god.
  2364 | D:3      | Found a white marble altar of Elyvilon.
  2366 | D:3      | Found a faded altar of an unknown god.
  2368 | D:3      | Found a blossoming altar of Fedhas.
  2622 | D:4      | Learned a level 4 spell: Brom's Barrelling Boulder
  2742 | D:4      | Reached skill level 5 in Conjurations
  2786 | D:4      | Reached skill level 5 in Earth Magic
  2808 | D:4      | Found a shimmering blue altar of Sif Muna.
  2863 | D:4      | Learned a level 2 spell: Passwall
  3250 | D:5      | Entered Level 5 of the Dungeon
  3257 | D:5      | Reached XP level 7. HP: 36/36 MP: 7/17
  3348 | D:5      | Identified a scroll of acquirement
  3348 | D:5      | Acquired 772 gold pieces
  3658 | D:5      | Found Otoun's Overcharged Wands.
  4532 | D:3      | Bought a scroll of fog for 52 gold pieces
  4532 | D:3      | Bought a scroll of teleportation for 39 gold pieces
  4532 | D:3      | Bought a scroll of identify for 26 gold pieces
  4532 | D:3      | Bought a scroll of identify for 26 gold pieces
  4609 | D:6      | Found Ydoej's Antique Weapon Shop.
  4749 | D:6      | Noticed a steam dragon
  4764 | D:6      | Killed a steam dragon
  4765 | D:6      | Reached XP level 8. HP: 30/41 MP: 9/20
  4847 | D:6      | Bought a dazzling scimitar for 189 gold pieces
  4847 | D:6      | Identified the +4 scimitar "Ecsoikh" {venom, rPois rC+
                  | Str+2} (You bought it in a shop on level 6 of the Dungeon)
  5040 | D:6      | Noticed Duvessa
  5040 | D:6      | Noticed Dowan
  5072 | D:6      | Killed Dowan
  5094 | D:6      | Killed Duvessa
  5431 | D:6      | Noticed Edmund
  5435 | D:6      | Killed Edmund
  5576 | D:6      | Found an ornate altar of the Wu Jian Council.
  5579 | D:6      | Found a snail-covered altar of Cheibriados.
  5772 | D:6      | Found a burning altar of Makhleb.
  5842 | D:6      | Found a staircase to the Ecumenical Temple.
  5847 | Temple   | Entered the Ecumenical Temple
  5852 | Temple   | Became a worshipper of Vehumet
  6039 | D:7      | Reached skill level 10 in Conjurations
  6206 | D:7      | Reached skill level 1 in Fire Magic
  6206 | D:7      | Reached XP level 9. HP: 45/45 MP: 16/23
  6512 | D:7      | Noticed Maurice
  6555 | D:7      | Killed Maurice
  7587 | D:8      | Noticed Joseph
  7872 | D:8      | Noticed Erica
  7878 | D:8      | Killed Erica
  7879 | D:8      | Reached XP level 10. HP: 50/50 MP: 12/25
  8108 | D:8      | Noticed Pikel
  8136 | D:8      | Killed Pikel
  8137 | D:8      | Reached skill level 10 in Spellcasting
  8137 | D:8      | Reached skill level 5 in Fire Magic
  8382 | D:9      | Reached * piety under Vehumet
  8382 | D:9      | Offered knowledge of Shock by Vehumet.
  8972 | D:9      | Noticed Gastronok
  9002 | D:9      | Killed Gastronok
  9335 | D:9      | Reached ** piety under Vehumet
  9335 | D:9      | Offered knowledge of Foxfire by Vehumet.
  9481 | D:9      | Learned a level 1 spell: Foxfire
  9631 | D:10     | Entered Level 10 of the Dungeon
  9676 | D:10     | Noticed a two-headed ogre
  9700 | D:10     | Killed a two-headed ogre
  9787 | D:10     | Found a staircase to the Lair.
  9844 | D:10     | Reached XP level 11. HP: 54/54 MP: 4/28
 10105 | D:10     | Noticed a centaur warrior
 10280 | D:10     | Learned a level 6 spell: Starburst
 10623 | D:10     | Noticed Fannar
 10639 | D:10     | Killed Fannar
 10757 | D:10     | Reached skill level 1 in Fighting
 10758 | D:10     | Offered knowledge of Poisonous Vapours by Vehumet.
 11598 | D:11     | Reached *** piety under Vehumet
 12311 | D:11     | Noticed a two-headed ogre
 12323 | D:11     | Killed a two-headed ogre
 12388 | D:11     | Offered knowledge of Sticky Flame by Vehumet.
 12390 | D:11     | Reached skill level 15 in Conjurations
 12544 | D:11     | Acquired Vehumet's Vellum of the Salvo
 12552 | D:11     | Learned a level 5 spell: Fireball
 12557 | D:11     | Learned a level 4 spell: Iskenderun's Mystic Blast
 12865 | D:11     | Reached skill level 5 in Dodging
 13013 | D:12     | Noticed a white ugly thing
 13015 | D:12     | Killed a white ugly thing
 13065 | D:12     | Reached XP level 12. HP: 64/64 MP: 20/30
 13325 | D:12     | Found a staircase to the Orcish Mines.
 13327 | D:12     | Found Huffenuy's Armour Shoppe.
 13335 | D:12     | Reached **** piety under Vehumet
 13461 | D:12     | Noticed a two-headed ogre
 13465 | D:12     | Killed a two-headed ogre
 13847 | D:12     | Offered knowledge of Flame Wave by Vehumet.
 13944 | D:12     | Reached skill level 10 in Fire Magic
 14278 | D:13     | Noticed a two-headed ogre
 14278 | D:13     | Noticed a two-headed ogre
 14278 | D:13     | Noticed a two-headed ogre
 14278 | D:13     | Noticed an ogre mage
 14278 | D:13     | Noticed a two-headed ogre
 14286 | D:13     | Killed a two-headed ogre
 14286 | D:13     | Killed a two-headed ogre
 14287 | D:13     | Killed a two-headed ogre
 14288 | D:13     | Killed a two-headed ogre
 14289 | D:13     | Killed an ogre mage
 14410 | D:13     | Noticed a two-headed ogre
 14414 | D:13     | Killed a two-headed ogre
 14579 | D:13     | Found a gate to the Vaults.
 14579 | D:13     | Noticed a vault guard
 14580 | D:13     | Noticed a vault guard
 14580 | D:13     | Noticed a vault guard
 14580 | D:13     | Noticed a vault guard
 14580 | D:13     | Noticed a boulder beetle
 14581 | D:13     | Noticed a tengu warrior
 14582 | D:13     | Noticed a centaur warrior
 14593 | D:13     | Killed a vault guard
 14593 | D:13     | Killed a vault guard
 14654 | D:13     | Killed a vault guard
 14839 | D:13     | Killed a tengu warrior
 14840 | D:13     | Reached skill level 15 in Spellcasting
 14871 | D:13     | Killed a centaur warrior
 14872 | D:13     | Reached XP level 13. HP: 57/68 MP: 20/34
 16222 | D:8      | Killed Joseph
 16341 | Lair:1   | Entered Level 1 of the Lair of Beasts
 16501 | Lair:1   | Noticed Amaemon
 16504 | Lair:1   | Killed Amaemon
 16504 | Lair:1   | Reached ***** piety under Vehumet
 16717 | Lair:1   | Offered knowledge of Orb of Destruction by Vehumet.
 16735 | Lair:1   | Learned a level 7 spell: Orb of Destruction
 16754 | Lair:1   | Found a transporter.
 16759 | Lair:1   | Found a transporter.
 16760 | Lair:1   | Noticed Fomudeo's ghost (journeyman OpFi)
 16885 | Lair:1   | Reached skill level 15 in Fire Magic
 18736 | Lair:2   | Found a staircase to the Shoals.
 19089 | Lair:3   | Reached skill level 5 in Fighting
 19090 | Lair:3   | Reached XP level 14. HP: 55/78 MP: 23/35
 19757 | Lair:3   | Found a staircase to the Snake Pit.
 20287 | Lair:4   | Offered knowledge of Bombard by Vehumet.
 20310 | Lair:4   | Learned a level 6 spell: Bombard
 20854 | Lair:4   | You fall into a shaft and drop 1 floor!
 20854 | Lair:5   | Entered Level 5 of the Lair of Beasts
 21395 | Lair:4   | Found a viscous altar of Jiyva.
 21395 | Lair:4   | Found a staircase to the Slime Pits.
 21410 | Lair:4   | Noticed Nessos
 21413 | Lair:4   | Killed Nessos
 22503 | Lair:5   | Offered knowledge of Plasma Beam by Vehumet.
 23185 | D:14     | Noticed Frances
 23189 | D:14     | Killed Frances
 23589 | D:14     | Reached XP level 15. HP: 85/85 MP: 27/36
 23670 | D:14     | Noticed Snorg
 23672 | D:14     | Killed Snorg
 23742 | D:14     | Found a portal to a secret trove of treasure.
 24204 | D:14     | Found Tuida's Distillery.
 24228 | D:14     | Bought a potion of magic for 104 gold pieces
 24228 | D:14     | Bought a potion of heal wounds for 65 gold pieces
 24228 | D:14     | Bought a potion of brilliance for 52 gold pieces
 24228 | D:14     | Bought a potion of resistance for 130 gold pieces
 24228 | D:14     | Bought a potion of mutation for 104 gold pieces
 24244 | D:14     | Noticed Josephine
 24246 | D:14     | Killed Josephine
 24502 | D:15     | Entered Level 15 of the Dungeon
 24562 | D:15     | Found a frozen archway.
 24611 | IceCv    | Entered an ice cave
 24859 | IceCv    | Offered knowledge of Irradiate by Vehumet.
 25045 | IceCv    | Identified the +3 halberd of Conformity {protect, rPois
                  | Str+3 Int+3 Stlth+}
 25187 | D:15     | Found a white marble altar of Elyvilon.
 25364 | D:15     | Found a staircase to the Depths.
 26278 | Orc:1    | Entered Level 1 of the Orcish Mines
 26583 | Orc:2    | Entered Level 2 of the Orcish Mines
 27045 | Orc:2    | Found a staircase to the Elven Halls.
 27435 | Orc:2    | Found Yvyviss's Armour Shop.
 27435 | Orc:2    | Found Roitye Gata's Distillery.
 27435 | Orc:2    | Found Seel's Weapon Boutique.
 27438 | Orc:2    | Found Koud's Distillery.
 27444 | Orc:2    | Bought a potion of brilliance for 56 gold pieces
 27445 | Orc:2    | Bought a potion of magic for 128 gold pieces
 27676 | Orc:2    | Bought a +2 scale mail of poison resistance for 234 gold
                  | pieces
 27894 | Snake:1  | Entered Level 1 of the Snake Pit
 28356 | Snake:1  | Reached XP level 16. HP: 59/93 MP: 23/40
 28640 | Snake:1  | Identified the +3 executioner's axe of Cyetro Xouhy {heavy,
                  | Str+5 Dex+5}
 28747 | Snake:1  | Offered knowledge of Eringya's Noxious Bog by Vehumet.
 29168 | Snake:2  | Identified the serpent talisman of the Shoals {Str+4}
 29168 | Snake:2  | Noticed Aizul
 29517 | Shoals:1 | Entered Level 1 of the Shoals
 29517 | Shoals:1 | Found a flickering gateway to a bazaar.
 29526 | Bazaar   | Entered a bazaar
 29530 | Bazaar   | Found Megesk's Book Boutique.
 29547 | Bazaar   | Found Vymiat's Antique Weapon Shoppe.
 29565 | Bazaar   | Found Lideuklo's Book Boutique.
 29582 | Bazaar   | Found Suhuik's Distillery.
 29625 | Bazaar   | Bought a potion of brilliance for 68 gold pieces
 29625 | Bazaar   | Bought a potion of brilliance for 68 gold pieces
 29670 | Bazaar   | Bought a book of Annihilations for 720 gold pieces
 29670 | Bazaar   | Bought a book of Blood for 336 gold pieces
 29680 | Bazaar   | Learned a level 9 spell: Fire Storm
 29684 | Bazaar   | Learned a level 2 spell: Sublimation of Blood
 29698 | Bazaar   | Bought a potion of haste for 170 gold pieces
 29698 | Bazaar   | Bought a potion of cancellation for 136 gold pieces
 30988 | Shoals:2 | Noticed Nikola
 30997 | Shoals:2 | Killed Nikola
 31167 | Shoals:2 | Identified the +1 robe of Insurance {+Blink rElec Stlth+}
 32168 | Shoals:3 | Found a runed translucent gate.
 32168 | Shoals:3 | Found a runed translucent gate.
 32178 | Shoals:3 | Found a runed translucent gate.
 32179 | Shoals:3 | Noticed Tezivu's ghost (adept DEEE)
 32208 | Shoals:2 | Gained mutation: You sometimes lose your temper in combat.
                  | [mutagenic glow]
 33102 | Shoals:4 | Entered Level 4 of the Shoals
 33938 | Snake:2  | Killed Aizul
 33952 | Snake:2  | Reached XP level 17. HP: 71/100 MP: 13/43
 34072 | Snake:2  | Offered knowledge of Arcjolt by Vehumet.
 34146 | Snake:2  | Reached ****** piety under Vehumet
 35990 | Snake:3  | Identified the +9 dagger "Tyfeuza" {flame, rN+ Will+ Int+2
                  | Dex-4}
 36024 | Snake:3  | Found a sparkling altar of Nemelex Xobeh.
 36210 | Snake:3  | Found Quemm's Jewellery Emporium.
 36210 | Snake:3  | Found Losewkac's Jewellery Shoppe.
 37229 | Snake:4  | Entered Level 4 of the Snake Pit
 37229 | Snake:4  | Found Dexty's General Store.
 37240 | Snake:4  | Bought a scroll of blinking for 90 gold pieces
 37240 | Snake:4  | Bought a scroll of teleportation for 36 gold pieces
 37333 | Snake:4  | Reached skill level 1 in Shields
 37681 | Snake:4  | Identified the +4 ring mail of Vanity {Str+3}
 37696 | Snake:4  | Found Zaocuom's Specific Store.
 37697 | Snake:4  | Found Ynoire Uwerph's General Store.
 37712 | Snake:4  | Bought a potion of mutation for 104 gold pieces
 37752 | Snake:4  | Identified the +6 mace of Kioporch {flame, rPois rF+ Dex+4}
 38612 | Snake:4  | Offered knowledge of Conjure Ball Lightning by Vehumet.
 39163 | Snake:4  | Got a serpentine rune of Zot
 39496 | Elf:1    | Entered Level 1 of the Elven Halls
 39515 | Elf:1    | Reached XP level 18. HP: 105/105 MP: 28/44
 39751 | Elf:1    | Reached skill level 1 in Necromancy
 39909 | Elf:1    | Found Xokh's One-of-a-Kind Rings.
 39997 | Elf:1    | Bought the ring of Hikihamm {Wiz rElec rN+ SInv} for 786
                  | gold pieces
 41075 | Elf:1    | Reached skill level 5 in Necromancy
 41457 | Elf:1    | Reached skill level 5 in Shields
 41489 | Elf:1    | Got Ycsof's Grimoire of Seven Elven Habits
 41578 | Elf:1    | Learned a level 8 spell: Ignition
 41950 | Elf:2    | Offered knowledge of Polar Vortex by Vehumet.
 42541 | Elf:2    | Noticed a Tzitzimitl
 42542 | Elf:2    | Reached XP level 19. HP: 110/110 MP: 28/45
 42857 | Elf:2    | Found a runed translucent gate.
 42858 | Elf:2    | Found a runed translucent gate.
 42858 | Elf:2    | Found a runed translucent gate.
 42886 | Elf:3    | Entered Level 3 of the Elven Halls
 43736 | Elf:3    | Found the +8 pair of quick blades "Gyre" and "Gimble"
                  | {protect}
 43921 | Elf:3    | Found the +13 scythe of Curses {drain, curses, Drain}
 43921 | Elf:3    | Found the +8 demon blade "Leech" {evervamp, Harm Drain rN+}
 43923 | Elf:3    | Identified the +7 great mace "Terch" {heavy, rElec Str+6}
 43942 | Elf:3    | Identified the staff "Hiol" {rPois rN+ Dex+5 Poison}
 43949 | Elf:3    | Identified the +11 spear of Disew {flame, rElec rPois}
 43963 | Elf:3    | Identified the ring of Daxuej {Ice Str+3 Slay+3}
 44064 | Elf:3    | Identified the amulet of Xom's Malicious Joy {RegenMP Harm
                  | Fragile Dex+2 Stlth+}
 44080 | Elf:3    | Identified the amulet of Hakif {rF+ Regen+ Int+5 Dex-3}
 44086 | Elf:3    | Identified the staff of Luot {rF+ Int+3 Fire}
 44091 | Elf:3    | Got the Vellum of the Map and the Impact
 44586 | Shoals:1 | Reached skill level 10 in Fighting
 45079 | Shoals:4 | Noticed Polyphemus
 45081 | Shoals:4 | Killed Polyphemus
 45097 | Shoals:4 | Reached skill level 1 in Armour
 45108 | Shoals:4 | Reached XP level 20. HP: 105/117 MP: 26/48
 45363 | Shoals:4 | Identified the ring of Ruacueto {rPois Str+4}
 45483 | Shoals:4 | Got a barnacled rune of Zot
 45554 | Shoals:4 | Identified the staff of the Big Fish {rN+ Int+3 Dex+3
                  | Necro}
 46005 | Snake:3  | Bought a ring of resist corrosion for 320 gold pieces
 46120 | Slime:1  | Entered Level 1 of the Pits of Slime
 46128 | Slime:1  | Reached skill level 10 in Dodging
 46443 | Slime:5  | Entered Level 5 of the Pits of Slime
 46736 | Slime:5  | Noticed the Royal Jelly
 46738 | Slime:5  | Killed the Royal Jelly
 46902 | Slime:5  | Identified the +1 robe of Impatience {rElec rF+ rC+ rN+}
 46908 | Slime:5  | Got a slimy rune of Zot
 46950 | Slime:5  | Identified the +8 battleaxe of Faixide {heavy, rF- rCorr
                  | Int+4 Dex+2}
 46958 | Slime:5  | Identified the +3 triple sword "Zubleko" {freeze, rF+ rC+
                  | SInv}
 46961 | Slime:5  | Identified the staff of Toitiruy {rElec rN+ rCorr Int-2
                  | SInv Necro}
 47027 | Slime:5  | Identified the +7 halberd "Toweroda" {heavy, rCorr Str+3}
 47028 | Slime:5  | Identified the +5 war axe of Kufusic {drain, *Rage rN+
                  | Dex+3}
 47031 | Slime:5  | Identified the +1 ring mail of the Loofah {rC+ rN+}
 47039 | Slime:5  | Identified the +7 whip "Xeejiunn" {venom, rN+ Str+3}
 47308 | Vaults:1 | Entered Level 1 of the Vaults
 47319 | Vaults:1 | Learned a level 8 spell: Lehudib's Crystal Spear
 47870 | Vaults:1 | Found Niosk's Weapon Emporium.
 48063 | Vaults:1 | Reached XP level 21. HP: 125/125 MP: 42/49
 48630 | Vaults:1 | Learned a level 9 spell: Chain Lightning
 48860 | Vaults:2 | Reached skill level 1 in Air Magic
 48873 | Vaults:2 | Found Wejemudi's Antique Weapon Boutique.
 48973 | Vaults:2 | Noticed Norris
 48976 | Vaults:2 | Killed Norris
 49521 | Vaults:2 | Reached skill level 10 in Earth Magic
 49548 | Vaults:2 | Reached skill level 5 in Air Magic
 49827 | Vaults:3 | Identified the +6 orcbow "Itzudu" {freeze, rElec}
 50416 | Vaults:3 | Found a staircase to the Crypt.
 50416 | Vaults:3 | Found a basalt altar of Yredelemnul.
 50418 | Vaults:3 | Found an ancient bone altar of Kikubaaqudgha.
 50752 | Vaults:3 | Reached XP level 22. HP: 132/132 MP: 48/51
 51107 | Shoals:3 | Killed Tezivu's ghost
 51122 | Shoals:3 | Identified the +0 pair of boots of Light {Will+ Str+2}
 51389 | Vaults:4 | Upgraded the game from 0.31-a0-1111-ga3525b8 to
                  | 0.31-a0-1134-gb247575
 51400 | Vaults:4 | Found Lioff's Armour Shoppe.
 51918 | Vaults:4 | Reached skill level 10 in Air Magic
 51998 | Vaults:4 | Found a runed gate.
 51998 | Vaults:4 | Found a runed gate.
 51999 | Vaults:4 | Found a runed gate.
 52148 | Vaults:4 | Found a glowing golden altar of the Shining One.
 52230 | Vaults:4 | Identified the +6 scimitar of Okawaru {flame, Str+2}
 52355 | Vaults:5 | Entered Level 5 of the Vaults
 52381 | Vaults:5 | Noticed Saint Roka
 52383 | Vaults:5 | Killed Saint Roka
 52397 | Vaults:5 | Killed a golden dragon
 52540 | Vaults:5 | Identified the +5 morningstar of the Valley {vamp, Will+}
 52630 | Vaults:5 | Identified the orb "Earthly Heaven" {guile, Rampage rElec
                  | Str-4}
 52843 | Vaults:5 | Identified the +6 morningstar "Gidwu" {drain, rF++}
 53105 | Vaults:5 | Noticed an ancient lich
 53107 | Vaults:5 | Killed an ancient lich
 53108 | Vaults:5 | Reached XP level 23. HP: 136/136 MP: 46/53
 53116 | Vaults:5 | Noticed a dread lich
 53118 | Vaults:5 | Killed a dread lich
 53192 | Vaults:5 | Noticed an ancient lich
 53193 | Vaults:5 | Killed an ancient lich
 53385 | Vaults:5 | Identified the staff of Netentud {rPois rC+ rN+ Necro}
 53415 | Vaults:5 | Noticed an ancient lich
 53418 | Vaults:5 | Killed an ancient lich
 53681 | Vaults:5 | Reached skill level 15 in Air Magic
 54044 | Vaults:5 | Identified the +0 scale mail of Precision Catastrophes
                  | {Will+ Str+7}
 54192 | Vaults:5 | Got a silver rune of Zot
 54498 | Crypt:1  | Entered Level 1 of the Crypt
 55815 | Crypt:2  | Found a magical portal.
 55832 | WizLab   | Entered Eringya's Formal Garden
 56087 | WizLab   | Found a blossoming altar of Fedhas.
 56294 | WizLab   | Got Eringya's Atlas of Alteration
 57232 | Crypt:2  | Identified the +1 ring mail "Xeryi" {rElec rPois} (You took
                  | it off a skeletal warrior on level 2 of the Crypt)
 57413 | Crypt:3  | Entered Level 3 of the Crypt
 57416 | Crypt:3  | Reached XP level 24. HP: 142/142 MP: 55/55
 57770 | Crypt:3  | Noticed Jory
 57772 | Crypt:3  | Killed Jory
 57891 | Crypt:3  | Noticed an ancient lich
 57893 | Crypt:3  | Killed an ancient lich
 58000 | Crypt:3  | Found an ancient bone altar of Kikubaaqudgha.
 58044 | Crypt:3  | Identified the amulet "Qaypsiff" {Will- Regen+ Str+6 Int+2
                  | Stlth-}
 58044 | Crypt:3  | Identified the ring of Haygrefe {Contam rF+ rN+ Dex+2 SInv}
 58044 | Crypt:3  | Identified the ring of Ysu Zifiu {rN+ Dex+2}
 58077 | Crypt:3  | Reached skill level 27 in Spellcasting
 58293 | Crypt:3  | Found a staircase to the Tomb.
 58306 | Crypt:3  | Got the Incunabulum of the Charnel House
 58745 | Depths:1 | Entered Level 1 of the Depths
 58761 | Depths:1 | Found a one-way gate to the infinite horrors of the Abyss.
 59324 | Depths:1 | Identified the +5 orcbow "Udiliem" {speed, rElec rPois rC+
                  | Will+}
 59474 | Depths:1 | Found a gateway to Hell.
 59706 | Depths:2 | Found a basalt altar of Yredelemnul.
 59794 | Depths:2 | Found a one-way gate leading to the halls of Pandemonium.
 59865 | Depths:2 | Found a one-way gateway to a ziggurat.
 60056 | Depths:2 | Found a hide-covered altar of Uskayaw.
 60584 | Depths:2 | Reached XP level 25. HP: 150/150 MP: 56/56
 60774 | Depths:3 | Reached skill level 1 in Shapeshifting
 61030 | Depths:3 | Found a runed translucent gate.
 61030 | Depths:3 | Found a runed translucent gate.
 61030 | Depths:3 | Found a runed translucent gate.
 61041 | Depths:3 | Identified the +6 broad axe of Dissolution {antimagic, Fly
                  | Int+4 Dex+3}
 61041 | Depths:3 | Identified the ring "Cesiahia" {Int+6 Dex+3 Stlth-}
 61136 | Depths:3 | Found a runed translucent gate.
 61136 | Depths:3 | Found a runed translucent gate.
 61136 | Depths:3 | Found a runed translucent gate.
 61151 | Depths:3 | Identified the +1 falchion "Ymmakkoti" {protect, rElec rF+
                  | rC+ Int-3}
 61271 | Depths:3 | Reached skill level 15 in Dodging
 61402 | Depths:3 | Noticed Louise
 61403 | Depths:3 | Killed Louise
 61587 | Depths:3 | Found a runed translucent gate.
 61587 | Depths:3 | Found a runed translucent gate.
 61587 | Depths:3 | Found a runed translucent gate.
 61601 | Depths:3 | Identified the +1 cloak "Xusi" {Str+5}
 61947 | Depths:4 | Entered Level 4 of the Depths
 61957 | Depths:4 | Noticed a juggernaut
 61959 | Depths:4 | Reached skill level 5 in Shapeshifting
 61959 | Depths:4 | Killed a juggernaut
 62173 | Depths:4 | Noticed a juggernaut
 62175 | Depths:4 | Killed a juggernaut
 62187 | Depths:4 | Identified the ring "Fahun" {rF+ Str+3 Int-5 Dex+6}
 62505 | Depths:4 | Found a gate to the Realm of Zot.
 62696 | Depths:4 | Found the +3 Elemental Staff {ele, rElec rF+ rC+ AC+3}
 62704 | Depths:4 | Identified the +1 arbalest of Tenacity {elec, Int+5}
 63201 | Zig:1    | Entered Level 1 of a ziggurat
 63214 | Zig:2    | Entered Level 2 of a ziggurat
 63235 | Zig:3    | Entered Level 3 of a ziggurat
 63245 | Zig:3    | Identified the amulet of the Delicate Plum {rElec Regen+
                  | rCorr Str+7 Int-2}
 63249 | Zig:3    | Identified the +2 leather armour "Guinir" {Harm *Slow SInv
                  | Stlth-}
 63252 | Zig:4    | Entered Level 4 of a ziggurat
 63357 | Zig:5    | Entered Level 5 of a ziggurat
 63385 | Zig:6    | Entered Level 6 of a ziggurat
 63387 | Zig:6    | Noticed a dread lich
 63388 | Zig:6    | Noticed a dread lich
 63390 | Zig:6    | Killed a dread lich
 63390 | Zig:6    | Killed a dread lich
 63391 | Zig:6    | Reached skill level 15 in Earth Magic
 63391 | Zig:6    | Reached XP level 26. HP: 160/160 MP: 42/56
 63404 | Zig:6    | Got Sif Muna's Compilation of Rocky Cold
 63407 | Zig:6    | Identified the +0 robe of Oriwethu {rN+ Str-2 Dex+5 Stlth+}
 63419 | Zig:7    | Entered Level 7 of a ziggurat
 63430 | Zig:7    | Learned a level 9 spell: Shatter
 63433 | Zig:7    | Noticed a royal mummy
 63440 | Zig:7    | Killed a royal mummy
 63650 | Zig:7    | Identified the +2 hand axe of Valiance {spect, Will- Int+5}
 63657 | Zig:8    | Entered Level 8 of a ziggurat
 63663 | Zig:8    | Reached skill level 15 in Fighting
 63663 | Zig:8    | Reached skill level 1 in Long Blades
 63675 | Zig:8    | Got the Codex of the Sunfish
 63676 | Zig:8    | Identified the amulet of the Failed Coup {rElec rC- Regen+
                  | Dex+3}
 63703 | Zig:9    | Entered Level 9 of a ziggurat
 63749 | Zig:10   | Entered Level 10 of a ziggurat
 63767 | Zig:10   | Reached skill level 5 in Long Blades
 63767 | Zig:10   | Reached XP level 27. HP: 165/165 MP: 56/56
 63780 | Zig:10   | Identified the +2 leather armour of Fanaticism {Rampage
                  | rPois rF+}
 63790 | Zig:10   | Identified the +11 quarterstaff "Icikyhe" {drain, Fly
                  | Str+5}
 63794 | Zig:11   | Entered Level 11 of a ziggurat
 63829 | Zig:12   | Entered Level 12 of a ziggurat
 63837 | Zig:12   | Noticed Vaxios the pandemonium lord
 63847 | Zig:12   | Killed Vaxios the pandemonium lord
 63871 | Zig:12   | Reached skill level 10 in Shapeshifting
 64027 | Zig:12   | Identified the +2 pair of boots of Refuge {rElec Dex+2}
 64035 | Zig:12   | Identified the +0 sling of Fuevvuv {heavy, Str+3 Int+8}
 64046 | Zig:13   | Entered Level 13 of a ziggurat
 64051 | Zig:13   | Noticed a royal mummy
 64060 | Zig:13   | Noticed a royal mummy
 64061 | Zig:13   | Noticed a royal mummy
 64062 | Zig:13   | Killed a royal mummy
 64063 | Zig:13   | Killed a royal mummy
 64067 | Zig:13   | Noticed a royal mummy
 64068 | Zig:13   | Killed a royal mummy
 64069 | Zig:13   | Killed a royal mummy
 64340 | Zig:13   | Identified the ring of Duask {rPois rF- Will+ Dex+2 SInv}
 64343 | Zig:13   | Identified the +10 morningstar of Beyond {venom, rN+ Dex+7
                  | SInv Stlth-}
 64361 | Zig:14   | Entered Level 14 of a ziggurat
 64379 | Zig:14   | Noticed Uwogafuper the pandemonium lord
 64382 | Zig:14   | Killed Uwogafuper the pandemonium lord
 64415 | Zig:14   | Found the +11 Singing Sword {sonic wave}
 64425 | Zig:14   | Identified the staff "Wowuf" {rC+ rCorr Str+3 Dex+3 Ice}
 64427 | Zig:14   | Got Ajyu's Disquisition on the Spellbinding Crevasse
 64439 | Zig:14   | Identified the staff of Riafex {*Slow Str-3 Int+2 Dex+8
                  | Conj}
 64461 | Zig:15   | Entered Level 15 of a ziggurat
 64471 | Zig:15   | Noticed an ancient lich
 64473 | Zig:15   | Killed an ancient lich
 64477 | Zig:15   | Reached skill level 10 in Long Blades
 64499 | Zig:15   | Found the ring of the Mage {Wiz Archmagi}
 64508 | Zig:15   | Got Sif Muna's Atlas of Iron Production
 64528 | Zig:15   | Identified the +1 pair of boots of Fallacy {rElec rC-
                  | Stlth+}
 64557 | Zig:16   | Entered Level 16 of a ziggurat
 64569 | Zig:16   | Reached skill level 10 in Shields
 64589 | Zig:16   | Found the +8 mithril axe "Arga" {speed, Will+}
 64590 | Zig:16   | Found the +8 lance "Wyrmbane" {slay drac, rPois rF+ rC+
                  | AC+3}
 64617 | Zig:16   | Identified the staff "Dut Xyreng" {rPois rC+ Will++ Str+2
                  | Int-2 Poison}
 64633 | Zig:17   | Entered Level 17 of a ziggurat
 64794 | Zig:17   | Got the Exposition on the Volcano
 64801 | Zig:17   | Identified the +1 robe of Oska Bot {rPois MP+9}
 64810 | Zig:18   | Entered Level 18 of a ziggurat
 64813 | Zig:18   | Reached skill level 15 in Shapeshifting
 64903 | Zig:18   | Identified the ring "Idussore" {rN+ AC+4 Dex+3}
 64906 | Zig:18   | Identified the ring of Darkness {Ice Stlth+}
 64925 | Zig:19   | Entered Level 19 of a ziggurat
 65027 | Zig:19   | Identified the ring "Peatocs" {rElec rN++ Will+ rCorr
                  | Dex+2}
 65036 | Zig:19   | Identified the +3 hand axe of the Pure Persimmons {heavy,
                  | rCorr Stlth+}
 65041 | Zig:20   | Entered Level 20 of a ziggurat
 65124 | Zig:20   | Found the +1 robe of Vines {NoPotionHeal Regen++++}
 65128 | Zig:20   | Identified the +3 flail of Imbalance {flame, rC+ Dex+3}
 65162 | Zig:21   | Entered Level 21 of a ziggurat
 65281 | Zig:21   | Found the dreamshard necklace {Acrobat *Dream}
 65290 | Zig:21   | Identified the +2 cloak of the Curupira {-Tele Regen+
                  | Str+3}
 65291 | Zig:21   | Identified the +8 broad axe of Kiaheh {heavy, rC- rN+
                  | Dex+2}
 65294 | Zig:21   | Identified the +11 lajatang "Leirecil" {flame, Will+}
 65295 | Zig:21   | Identified the +1 ring mail of the Barracuda {rN+}
 65306 | Zig:21   | Identified the +5 shortbow of Subterfuge {heavy, Fragile
                  | rCorr Str-3 SInv}
 65312 | Zig:21   | Identified the +5 spear "Fyrufogh" {antimagic, rC+ Stlth+}
 65327 | Zig:22   | Entered Level 22 of a ziggurat
 65355 | Zig:22   | Reached skill level 15 in Shields
 65419 | Zig:22   | Identified the +2 great sword of the Holding Gods {spect,
                  | Dex+2 Stlth+}
 65428 | Zig:22   | Identified the +0 pair of boots of the Quahog {Rampage
                  | rPois Stlth+}
 65432 | Zig:22   | Got the Vellum of Teratogeny and the Snowflakes
 65436 | Zig:22   | Identified the +2 great sword of the Endless Expanse
                  | {venom, rElec rF+}
 65457 | Zig:22   | Acquired 1139 gold pieces
 65459 | Zig:22   | Acquired 306 gold pieces
 65461 | Zig:22   | Acquired 699 gold pieces
 65467 | Zig:23   | Entered Level 23 of a ziggurat
 65555 | Zig:23   | Identified the ring "Laiffo" {Wiz *Corrode rF+ Str+5 Int+3}
 65556 | Zig:23   | Identified the +1 dagger of Ragnarok {venom, Str+4}
 65557 | Zig:23   | Identified the +4 ring mail of Pragmatism {rC+}
 65580 | Zig:24   | Entered Level 24 of a ziggurat
 65614 | Zig:24   | Noticed an ancient lich
 65616 | Zig:24   | Killed an ancient lich
 65624 | Zig:24   | Noticed a dread lich
 65625 | Zig:24   | Killed a dread lich
 65650 | Zig:24   | Found the macabre finger necklace {Finger+ rN+}
 65655 | Zig:24   | Identified the ring of Plog {+Blink Will+++ EV+5 Int+2
                  | Stlth-}
 65662 | Zig:24   | Got the Anthology of the Congregation
 65678 | Zig:24   | Identified the staff of Esaanowisch {rElec rN++ Air}
 65688 | Zig:24   | Identified the +0 plate armour of Byufaib {rF+ rN+ Dex+2}
 65698 | Zig:24   | Identified the +0 trident "Lorize" {spect, Will+ Stlth+}
 65702 | Zig:25   | Entered Level 25 of a ziggurat
 65764 | Zig:25   | Found the +7 great mace "Undeadhunter" {deathbane, rN+}
 65777 | Zig:25   | Identified the +0 cloak "Ilaw" {rF+ rN++}
 65795 | Zig:25   | Identified the staff of the Conjuring Gods {rPois rN+ Will-
                  | Int+4 Poison}
 65811 | Zig:26   | Entered Level 26 of a ziggurat
 65826 | Zig:26   | Noticed a royal mummy
 65829 | Zig:26   | Killed a royal mummy
 65829 | Zig:26   | Noticed a royal mummy
 65829 | Zig:26   | Noticed a royal mummy
 65830 | Zig:26   | Noticed a royal mummy
 65831 | Zig:26   | Noticed a royal mummy
 65831 | Zig:26   | Noticed a royal mummy
 65832 | Zig:26   | Killed a royal mummy
 65832 | Zig:26   | Killed a royal mummy
 65833 | Zig:26   | Killed a royal mummy
 65833 | Zig:26   | Killed a royal mummy
 65834 | Zig:26   | Killed a royal mummy
 65834 | Zig:26   | Noticed a royal mummy
 65834 | Zig:26   | Noticed a royal mummy
 65834 | Zig:26   | Noticed a royal mummy
 65835 | Zig:26   | Noticed a royal mummy
 65835 | Zig:26   | Noticed a royal mummy
 65835 | Zig:26   | Noticed a royal mummy
 65836 | Zig:26   | Killed a royal mummy
 65836 | Zig:26   | Noticed a royal mummy
 65836 | Zig:26   | Noticed a royal mummy
 65837 | Zig:26   | Reached skill level 5 in Armour
 65837 | Zig:26   | Killed a royal mummy
 65837 | Zig:26   | Killed a royal mummy
 65840 | Zig:26   | Killed a royal mummy
 65841 | Zig:26   | Killed a royal mummy
 65841 | Zig:26   | Killed a royal mummy
 65843 | Zig:26   | Killed a royal mummy
 65843 | Zig:26   | Killed a royal mummy
 65860 | Zig:26   | Noticed a royal mummy
 65862 | Zig:26   | Killed a royal mummy
 65866 | Zig:26   | Noticed a royal mummy
 65868 | Zig:26   | Killed a royal mummy
 66133 | Zig:26   | Noticed a royal mummy
 66137 | Zig:26   | Killed a royal mummy
 66140 | Zig:26   | Found the +9 staff of Olgreb {rPois∞}
 66146 | Zig:26   | Identified the ring of Starshine {*Slow Int+6 Dex+2 Slay+3}
 66155 | Zig:26   | Identified the +7 arbalest of Qayrey {heavy, rF+ rN+ Int+2
                  | Dex-4}
 66167 | Zig:26   | Identified the +2 robe of the Circus Animal {Dex+4}
 66175 | Zig:27   | Entered Level 27 of a ziggurat
 66257 | Zig:27   | Identified the staff of the Conjuring Oracle {Fly rPois
                  | Int+3 Tloc Poison}
 66258 | Zig:27   | Identified the +0 hat of Leofeen {-Tele Rampage *Slow rF++}
 66266 | Zig:27   | Identified the ring "Cipulest" {rPois AC+4 Dex+3}
 66269 | Zig:27   | Got the Cyclopedia of Frost
 66279 | Zig:27   | Identified the +1 pair of gloves of the Old and Reckless
                  | {rN+ Regen+ Str+2 Stlth+}
 66302 | Zig:27   | Got Sif Muna's Octavo of the Kinetic Charnel House
 66667 | Tomb:1   | Entered Level 1 of the Tomb of the Ancients
 66674 | Tomb:1   | Noticed a royal mummy
 66679 | Tomb:1   | Killed a royal mummy
 66681 | Tomb:1   | Noticed a royal mummy
 66686 | Tomb:1   | Killed a royal mummy
 66692 | Tomb:1   | Noticed a royal mummy
 66692 | Tomb:1   | Noticed a royal mummy
 66694 | Tomb:1   | Noticed a royal mummy
 66695 | Tomb:1   | Killed a royal mummy
 66695 | Tomb:1   | Killed a royal mummy
 66696 | Tomb:1   | Noticed a royal mummy
 66699 | Tomb:1   | Killed a royal mummy
 66699 | Tomb:1   | Noticed a royal mummy
 66700 | Tomb:1   | Killed a royal mummy
 66701 | Tomb:1   | Killed a royal mummy
 66701 | Tomb:1   | Noticed a royal mummy
 66704 | Tomb:1   | Killed a royal mummy
 66743 | Tomb:1   | Noticed a royal mummy
 66747 | Tomb:1   | Killed a royal mummy
 66752 | Tomb:1   | Noticed a royal mummy
 66754 | Tomb:1   | Noticed a royal mummy
 66755 | Tomb:1   | Killed a royal mummy
 66756 | Tomb:1   | Reached skill level 10 in Armour
 66756 | Tomb:1   | Killed a royal mummy
 66845 | Tomb:1   | Noticed a royal mummy
 66851 | Tomb:1   | Killed a royal mummy
 66920 | Tomb:1   | Noticed a royal mummy
 66924 | Tomb:1   | Killed a royal mummy
 66924 | Tomb:1   | Noticed a royal mummy
 66927 | Tomb:1   | Killed a royal mummy
 66952 | Tomb:1   | Noticed a royal mummy
 66955 | Tomb:1   | Killed a royal mummy
 67019 | Tomb:1   | Noticed a royal mummy
 67022 | Tomb:1   | Noticed a royal mummy
 67023 | Tomb:1   | Noticed a royal mummy
 67024 | Tomb:1   | Killed a royal mummy
 67025 | Tomb:1   | Killed a royal mummy
 67025 | Tomb:1   | Killed a royal mummy
 67025 | Tomb:1   | Noticed a royal mummy
 67038 | Tomb:1   | Killed a royal mummy
 67090 | Tomb:2   | Noticed a royal mummy
 67094 | Tomb:2   | Killed a royal mummy
 67096 | Tomb:2   | Noticed a royal mummy
 67099 | Tomb:2   | Noticed a royal mummy
 67099 | Tomb:2   | Noticed a royal mummy
 67099 | Tomb:2   | Noticed a royal mummy
 67100 | Tomb:2   | Killed a royal mummy
 67101 | Tomb:2   | Killed a royal mummy
 67101 | Tomb:2   | Killed a royal mummy
 67101 | Tomb:2   | Killed a royal mummy
 67357 | Tomb:3   | Entered Level 3 of the Tomb of the Ancients
 67369 | Tomb:3   | Noticed a royal mummy
 67369 | Tomb:3   | Noticed a royal mummy
 67373 | Tomb:3   | Killed a royal mummy
 67373 | Tomb:3   | Killed a royal mummy
 67373 | Tomb:3   | Noticed a royal mummy
 67376 | Tomb:3   | Noticed a royal mummy
 67377 | Tomb:3   | Killed a royal mummy
 67379 | Tomb:3   | Killed a royal mummy
 67379 | Tomb:3   | Noticed a royal mummy
 67382 | Tomb:3   | Killed a royal mummy
 67382 | Tomb:3   | Noticed a royal mummy
 67382 | Tomb:3   | Noticed a royal mummy
 67384 | Tomb:3   | Killed a royal mummy
 67384 | Tomb:3   | Killed a royal mummy
 67384 | Tomb:3   | Noticed a royal mummy
 67387 | Tomb:3   | Killed a royal mummy
 67479 | Tomb:3   | Identified the ring "Myudon" {rN+++ Will+ Str+5 Slay+2
                  | Stlth-}
 67484 | Tomb:3   | Identified the staff of Desertification {rElec rN+ SInv
                  | Necro}
 67486 | Tomb:3   | Identified the ring of Yxabbaj {Dex+2 SInv}
 67500 | Tomb:3   | Identified the +7 hand axe "Bipacod" {speed, rN++}
 67584 | Tomb:3   | Identified the +0 leather armour of Anaesthesia {Rampage
                  | Drain Dex-5 SInv}
 67714 | Tomb:3   | Got a golden rune of Zot
 68744 | Pan      | Entered Pandemonium
 68758 | Pan      | Identified the ring of Zackin {rF+ Str+3 SInv}
 68949 | Pan      | Identified the ring "Rumuuvopt" {rPois Int+5 Slay+2}
 68949 | Pan      | Noticed a seraph
 68952 | Pan      | Killed a seraph
 69007 | Pan      | Found a glowing golden altar of the Shining One.
 69036 | Pan      | Identified the +1 ring mail "Wuacutir" {rC+}
 69038 | Pan      | Got a demonic rune of Zot
 69044 | Pan      | Identified the ring "Ufomueza" {rF- MP+9 Dex+5}
 69052 | Pan      | Identified the staff "Dragonslayer" {rElec rPois Poison}
 69185 | Pan      | Noticed Mofau the pandemonium lord
 69188 | Pan      | Killed Mofau the pandemonium lord
 69295 | Pan      | Entered the realm of Cerebov.
 69397 | Pan      | Found the +6 sword of Cerebov {flame}
 69397 | Pan      | Noticed Cerebov
 69405 | Pan      | Killed Cerebov
 69407 | Pan      | Noticed Mennas
 69556 | Pan      | Found an exit through the horrors of the Abyss.
 69727 | Pan      | Identified the amulet "Zytef" {RegenMP +Inv rC+}
 69818 | Pan      | Got a fiery rune of Zot
 70008 | Pan      | Identified the +3 hand axe of Junad {flame, rF+ MP+9}
 70011 | Pan      | Identified the +0 chain mail of Shadows and Fog {rF+}
 70058 | Pan      | Identified the +4 hand axe "Jexzyvozidd" {protect, rC-
                  | Str+3 SInv}
 70347 | Pan      | Noticed Anuacoaps the pandemonium lord
 70352 | Pan      | Killed Anuacoaps the pandemonium lord
 70486 | Pan      | Noticed Mennas
 70488 | Pan      | Killed Mennas
 70565 | Pan      | Identified the +6 leather armour of the Tanner {Int+3}
 70756 | Pan      | Found a runed translucent door.
 70765 | Pan      | Found a runed translucent door.
 70769 | Pan      | Found a runed translucent door.
 70778 | Pan      | Noticed Guodass the pandemonium lord
 70780 | Pan      | Killed Guodass the pandemonium lord
 70787 | Pan      | Found a runed translucent door.
 71092 | Pan      | Noticed Purae the pandemonium lord
 71092 | Pan      | Found a runed translucent door.
 71093 | Pan      | Killed Purae the pandemonium lord
 71375 | Pan      | Found an exit through the horrors of the Abyss.
 71396 | Pan      | Noticed Becurgh the pandemonium lord
 71402 | Pan      | Killed Becurgh the pandemonium lord
 71520 | Pan      | Identified the +5 flail of Cowardice {vamp, rF+}
 71660 | Pan      | Entered the realm of Lom Lobon.
 71868 | Pan      | Noticed Lom Lobon
 71874 | Pan      | Killed Lom Lobon
 71909 | Pan      | Got a magical rune of Zot
 72169 | Pan      | Entered the realm of Mnoleg.
 72169 | Pan      | Noticed Mnoleg
 72172 | Pan      | Killed Mnoleg
 72243 | Pan      | Got a glowing rune of Zot
 72294 | Pan      | Entered the realm of Gloorx Vloq.
 72447 | Pan      | Noticed Gloorx Vloq
 72452 | Pan      | Killed Gloorx Vloq
 72502 | Pan      | Got a dark rune of Zot
 72690 | Pan      | Found an exit through the horrors of the Abyss.
 72700 | Pan      | Took an exit into the Abyss.
 72700 | Abyss:1  | Escaped into the Abyss
 72855 | Abyss:1  | Found a corrupted altar of Lugonu.
 72880 | Abyss:1  | Found a corrupted altar of Lugonu.
 73021 | Abyss:4  | Noticed an ancient lich
 73025 | Abyss:4  | Killed an ancient lich
 73029 | Abyss:4  | Reached skill level 27 in Fighting
 73038 | Abyss:4  | Learned a level 1 spell: Apportation
 73039 | Abyss:4  | Got an abyssal rune of Zot
 73048 | Depths:2 | Escaped the Abyss
 73075 | Hell     | Entered the Vestibule of Hell
 73077 | Hell     | Noticed Geryon
 73081 | Hell     | Killed Geryon
 73089 | Hell     | Noticed Murray
 73090 | Hell     | Killed Murray
 73314 | D:14     | You paid a toll of the horn of Geryon to enter a treasure
                  | trove
 73315 | Trove    | Entered a treasure trove
 73326 | Trove    | Identified the amulet "Jeqymo" {Reflect Will+ MP+9 SH+5}
 73338 | Trove    | Identified the +4 demon blade "Nooshos" {pain, rPois Str+2
                  | Dex+3}
 73339 | Trove    | Identified the +3 double sword of Conscience {flame, *Rage
                  | Str+3 Stlth+}
 73343 | Trove    | Identified the ring of the Bespelled Cherry {rF+ rC+ rCorr
                  | MP+9 Dex-5}
 73556 | Hell     | Found a gateway to the Iron City of Dis.
 73599 | Dis:1    | Entered Level 1 of the Iron City of Dis
 74077 | Dis:7    | Entered Level 7 of the Iron City of Dis
 74164 | Dis:7    | Reached skill level 27 in Dodging
 74281 | Dis:7    | Noticed a juggernaut
 74282 | Dis:7    | Noticed Dispater
 74283 | Dis:7    | Killed a juggernaut
 74284 | Dis:7    | Killed Dispater
 74306 | Dis:7    | Got an iron rune of Zot
 74373 | Hell     | Found a gateway to the freezing wastes of Cocytus.
 74383 | Coc:1    | Entered Level 1 of Cocytus
 74653 | Coc:7    | Entered Level 7 of Cocytus
 74687 | Coc:7    | Noticed an ancient lich
 74691 | Coc:7    | Killed an ancient lich
 74692 | Coc:7    | Noticed the Serpent of Hell
 74695 | Coc:7    | Killed the Serpent of Hell
 74852 | Coc:7    | Identified the +3 triple sword of Iceg {protect, Str+3}
 74852 | Coc:7    | Noticed Antaeus
 74863 | Coc:7    | Killed Antaeus
 74936 | Coc:7    | Got an icy rune of Zot
 75032 | Hell     | Found a gateway to the decaying netherworld of Tartarus.
 75085 | Tar:1    | Entered Level 1 of Tartarus
 75536 | Tar:7    | Entered Level 7 of Tartarus
 75779 | Tar:7    | Noticed Ereshkigal
 75781 | Tar:7    | Killed Ereshkigal
 75791 | Tar:7    | Got a bone rune of Zot
 75937 | Hell     | Found a gateway to the ashen valley of Gehenna.
 75962 | Geh:1    | Entered Level 1 of Gehenna
 76022 | Geh:2    | You fall into a shaft and drop 2 floors!
 76406 | Geh:7    | Entered Level 7 of Gehenna
 76465 | Geh:7    | Reached skill level 27 in Earth Magic
 76928 | Geh:7    | Found the +13 sceptre of Asmodeus
 76928 | Geh:7    | Noticed Asmodeus
 76935 | Geh:7    | Killed Asmodeus
 76961 | Geh:7    | Got an obsidian rune of Zot
 77126 | Zot:1    | Entered Level 1 of the Realm of Zot
 77127 | Zot:1    | Noticed Kaonimui's ghost (master DjHW)
 77127 | Zot:1    | Noticed Cigeacw's ghost (veteran MiFi)
 77130 | Zot:1    | Noticed Beovasaf's ghost (master DsHu)
 77135 | Zot:1    | Killed Beovasaf's ghost
 77139 | Zot:1    | Killed Kaonimui's ghost
 77140 | Zot:1    | Killed Cigeacw's ghost
 77218 | Zot:1    | Found a runed translucent gate.
 77218 | Zot:1    | Found a runed translucent gate.
 77218 | Zot:1    | Found a runed translucent gate.
 77219 | Zot:1    | Identified the +0 leather armour of Famonkawn {Dex+3}
 77558 | Zot:5    | Entered Level 5 of the Realm of Zot
 77660 | Zot:5    | Noticed an ancient lich
 77660 | Zot:5    | Noticed an ancient lich
 77661 | Zot:5    | Killed an ancient lich
 77662 | Zot:5    | Killed an ancient lich
 77666 | Zot:5    | Reached skill level 27 in Conjurations
 77669 | Zot:5    | Reached skill level 5 in Stealth
 77681 | Zot:5    | Noticed a dread lich
 77682 | Zot:5    | Killed a dread lich
 77687 | Zot:5    | Noticed an orb of fire
 77689 | Zot:5    | Noticed an orb of fire
 77690 | Zot:5    | Killed an orb of fire
 77691 | Zot:5    | Killed an orb of fire
 77693 | Zot:5    | Noticed an orb of fire
 77693 | Zot:5    | Noticed an orb of fire
 77695 | Zot:5    | Killed an orb of fire
 77695 | Zot:5    | Killed an orb of fire
 77695 | Zot:5    | Noticed an orb of fire
 77696 | Zot:5    | Reached skill level 10 in Stealth
 77698 | Zot:5    | Killed an orb of fire
 77699 | Zot:5    | Noticed an orb of fire
 77702 | Zot:5    | Killed an orb of fire
 77711 | Zot:5    | Noticed an orb of fire
 77713 | Zot:5    | Noticed an orb of fire
 77715 | Zot:5    | Killed an orb of fire
 77715 | Zot:5    | Killed an orb of fire
 77716 | Zot:5    | Reached skill level 15 in Stealth
 77879 | Zot:5    | Noticed an orb of fire
 77882 | Zot:5    | Killed an orb of fire
 77963 | Zot:5    | Got the Orb of Zot
 78385 | D:3      | Noticed Inuuwnixt the pandemonium lord
 78386 | D:3      | Killed Inuuwnixt the pandemonium lord
 78437 | D:$      | Escaped with the Orb!

Illustrated notes

Levels and vault maps discovered:
D:1:      dpeg_arrival_tiny_b, layout_basic
D:2:      layout_rooms
D:3:      layout_basic, chequers_temple_overflow_minitemple, serial_shops, shop,
          nicolae_the_louvre, uniq_jessica, uniq_sigmund
D:4:      layout_loops_ring, hellmonk_sif_muna_bookshelves, serial_glass,
          glass_columns_a, glass_columns_a, due_unseen_surprise, feat_on_display
D:5:      layout_cave_pods, serial_column_ruins, column_ruins_corridor_straight,
          column_ruins_grid_1, column_ruins_corridor_T,
          column_ruins_open_medium, column_ruins_corridor_T,
          column_ruins_grid_2, nicolae_shop_overcharged_wands
D:6:      layout_gridville, nicolae_overflow_hidden_temple,
          minmay_temple_entry_nine_rooms, serial_shops,
          nicolae_shop_advertising_works [nicolae_subvault_shop_adworks],
          abandoned_shop, uniq_duvessa, uniq_edmund
D:7:      layout_layer_cave, uniq_maurice
D:8:      layout_basic, kennysheep_another_room, st_stairs_6, uniq_joseph,
          uniq_erica, uniq_pikel
D:9:      layout_gridville, special_room [special_room_orc], uniq_gastronok
D:10:     layout_loops_corners, lair_entry_dummy, grunt_ministairs_6,
          kennysheep_dice, uniq_fannar
D:11:     layout_gridville
D:12:     layout_basic, orc_david_3, minmay_fractal_squares_gapless_5
D:13:     layout_loops_cross, lightli_vaults_fourway_checkpoint
D:14:     layout_stronghold, nicolae_trove_entry_free_sample, serial_shops,
          nicolae_shop_industrial_runoff, uniq_frances, uniq_snorg,
          uniq_josephine
D:15:     grunt_enter_depths_hoard, layout_loops_corners,
          portal_ice_cave_entry_frozen_things, elyvilon_altar_4,
          solitary_fountain
Temple:   minmay_freezing_vapour_temple
Lair:1:   layout_gridlike, gammafunk_ghost_hive, st_stairs_11,
          beast_lair_carwin_1, uniq_amaemon
Lair:2:   layout_hall_layers, mainiacjoe_shoals_entry_four_pools, special_room
          [special_room_bee], beast_lair_carwin_2, lemuel_fruit_tree
Lair:3:   layout_regular_city, minmay_snake_entry_guardpost_medium,
          nicolae_lair_grazing_beasts [nicolae_sub_lair_graze_edge,
          nicolae_sub_lair_graze_edge, nicolae_sub_lair_graze_edge,
          nicolae_sub_lair_graze_edge], serial_bayou_shore_a,
          serial_bayou_shore_b, grunt_megastairs_2, infiniplex_staircase_pool
Lair:4:   layout_loops_ring, nicolae_slime_entry_slimehenge,
          dreamdust_gnoll_shepherd, uniq_nessos
Lair:5:   gammafunk_lair_ancient_temple, layout_hall_layers, st_stairs_12,
          cheibrodos_lair_lostbears
Shoals:1: layout_shoals, serial_shops, bzr_in_the_mist
Shoals:2: layout_shoals, uniq_nikola
Shoals:3: layout_shoals, gammafunk_ghost_tricky_traps
Shoals:4: shoals_end_hangedman, layout_shoals, hangedman_shoal_volcano,
          uniq_polyphemus
Snake:1:  layout_onion, serial_bayou_lake_a
Snake:2:  nicolae_snake_shooting_gallery, layout_rooms,
          nrook_guardian_serpent_double, uniq_aizul
Snake:3:  layout_grid_maze, basic_altar, nicolae_snake_salamander_fort,
          minmay_shoptagon
Snake:4:  minmay_snake_end_coiled, layout_cave_town, serial_shops, shop,
          nicolae_specific_store, statue_in_the_mist_lemuel
Slime:1:  nicolae_slime_pool, layout_caves
Slime:2:  layout_caves
Slime:3:  layout_caves
Slime:4:  layout_caves
Slime:5:  slime_pit_nicolae_trefoil
Orc:1:    layout_caves, basic_altar, roderic_batcave, uniq_nergalle,
          uniq_erolcha
Orc:2:    st_orc_mages, layout_caves
Elf:1:    minmay_the_grid_4x2 [minmay_the_grid_box_x, minmay_the_grid_spikes,
          minmay_the_grid_eight, minmay_the_grid_tree, minmay_the_grid_square_x,
          minmay_the_grid_plusring, minmay_the_grid_pillar_ring,
          minmay_the_grid_prize_big_room], layout_geoelf_octagon,
          hangedman_elven_crosses_minicolossus, nicolae_shop_unique_rings,
          hellmonk_elf_help
Elf:2:    nicolae_elf_blades_crystal_corner, layout_geoelf_octagon,
          hangedman_elf_represent
Elf:3:    minmay_elf_hall_four_x, layout_geoelf_octagon,
          hellmonk_guarded_unrand_gyre_and_gimble
Vaults:1: vaults_dpeg_doors, vaults_dpeg_diagonal, vaults_mumra_minichess,
          nicolae_vaults_apartment_1, hangedman_vaults_nails,
          nicolae_vaults_frosty_reception, nicolae_vaults_six-pack,
          nicolae_vaults_heart-shaped_vault, v_alt_pattern_6,
          nicolae_vaults_quartermaster, v_misc_23, layout_vaults_chaotic_city,
          serial_shops, shop
Vaults:2: nicolae_vaults_diamond_1, grunt_vaults_swirl,
          nicolae_vaults_diamond_2, nicolae_vaults_storage_closets_3,
          serial_ice_b, nicolae_vaults_network_s,
          nicolae_vaults_door_testing_chamber, ontoclasm_vaults_chip,
          nicolae_vaults_heist, vaults_room_pool, layout_vaults_omnibox,
          serial_shops, shop, uniq_norris
Vaults:3: v_misc_33, minmay_crypt_entry_necro_gods, vaults_room_pools,
          v_rooms_4, nicolae_vaults_little_squares_5,
          nicolae_vaults_closet_pinwheel_6, nicolae_vaults_tetromino_T_2,
          nicolae_vaults_mini_display_case, nicolae_vaults_little_squares_6,
          vaults_room_pool, layout_vaults_ring
Vaults:4: nicolae_vaults_ring_of_whatevers, vaults_standard_mumra_x,
          v_alt_pattern_6, nicolae_vaults_tangram_1,
          nicolae_vaults_taking_the_gang_shopping, ontoclasm_vaults_hangar,
          abrahamwl_protected_by_tso_1, nicolae_vaults_house_1,
          ontoclasm_vaults_hangar, nicolae_vaults_trapezoid_4,
          layout_vaults_big_cross
Vaults:5: uniq_saint_roka
Crypt:1:  layout_catacombs
Crypt:2:  minmay_skeleton_keep, layout_gridlike, mu_enter_wizlab_1
Crypt:3:  cryptofortress_bobbens, uniq_jory
Tomb:1
Tomb:2
Tomb:3
Depths:1: layout_gridlike, hell_entry, minmay_tree_intersection, abyss_entry,
          lightli_fourway_metalbox, firewood_loft, hangedman_decor_cross_pass
Depths:2: dreamdust_under_siege, layout_gridlike, enter_ziggurat_b,
          nicolae_uskayaw_en_pointe, pf_coc_iceberg, rand_demon_pan_entry_1,
          infiniplex_staircase_pillars_2
Depths:3: kennysheep_treasure_stockpile, layout_basic, hell_entry, pan_entry,
          nicolae_abyss_entry_one_way_or_another, pandoras_box_mu,
          minmay_staircase_statues
Depths:4: evilmike_zot_entry_diamond, layout_gridville,
          minmay_misc_feat_ornament, hell_entry, abyss_entry,
          minmay_fire_ice_demons
Hell
Dis:1:    layout_regular_city, nicolae_dis_strange_trophy_room
Dis:2:    layout_overlapping_boxes
Dis:3:    layout_gridville
Dis:4:    layout_jigsaw
Dis:5:    layout_gridville, nicolae_dis_metal_lava_thing
Dis:6:    layout_regular_city, nicolae_dis_spooky_hallway
Dis:7:    dis_st
Geh:1:    layout_gehenna_pools_triple
Geh:2:    layout_gehenna_pools_triple
Geh:4:    layout_gehenna_pools_box
Geh:5:    layout_gehenna_pools_triple
Geh:6:    layout_gehenna_pools_box, nicolae_geh_rippling_lava
Geh:7:    geh_hangedman
Coc:1:    layout_cocytus_water_paths
Coc:2:    layout_ice_bergs
Coc:3:    layout_cocytus_delve
Coc:4:    layout_cocytus_water_paths
Coc:5:    layout_cocytus_delve
Coc:6:    layout_cocytus_water_paths
Coc:7:    coc_old
Tar:1:    layout_grid_maze, nicolae_tar_cuneiform_to_be
Tar:2:    layout_grid_maze
Tar:3:    layout_honeycomb
Tar:4:    layout_catacombs, nicolae_tar_cuneiform_two
Tar:5:    layout_grid_maze
Tar:6:    layout_grid_maze
Tar:7:    tar_mu [tar_mu_maze]
Zot:1:    layout_onion, gammafunk_ghost_cemetery
Zot:2:    layout_gridlike, regret_index_zotdec_misc_clamp,
          regret_index_zotdec_fiery_em, not_door_vault_due
Zot:3:    grunt_zot_stairs_mandelzot, layout_misc_corridors,
          hangedman_zot_decor_scrapings
Zot:4:    layout_cellular_growth, hangedman_zot_wheel_spokes,
          st_small_dragon_hoard_3, lemuel_golem_globe
Zot:5:    layout_cellular_growth, hangedman_zot_decor_tridents, drop_trap,
          regret_index_zotdec_zees

Skill      XL: |  1  2  3  4  5  6  7  8  9 10 11 12 13 14 15 16 17 18 19 20 21 22 23 24 25 26 27 |
---------------+----------------------------------------------------------------------------------+-----
Conjurations   | 1 2 3 4 5 7 10 12 14 15 16 17 20 22 27 | 27.0
Spellcasting   | 4 5 7 8 9 11 12 15 18 20 22 23 24 26 27 | 27.0
Earth Magic    | 4 5 6 10 12 15 16 27 | 27.0
Translocations | 1 2 |  2.0
Fire Magic     | 1 4 5 8 12 15 18 19 20 22 | 22.0
Fighting       | 3 5 6 8 9 10 11 12 13 14 15 27 | 27.0
Dodging        | 5 7 8 9 12 14 15 27 | 27.0
Shields        | 4 6 8 18 | 18.0
Necromancy     | 5 |  5.0
Armour         | 1 4 10 | 10.0
Air Magic      | 9 14 17 19 20 | 20.0
Shapeshifting  | 8 9 23 | 23.0
Long Blades    | 5 14 | 14.0
Stealth        | 16 | 16.9
Transmutations | |  1.1

Action                     |  1- 3 |  4- 6 |  7- 9 | 10-12 | 13-15 | 16-18 | 19-21 | 22-24 | 25-27 || total
---------------------------+-------+-------+-------+-------+-------+-------+-------+-------+-------++-------
  Melee: Short sword       |       |     5 |       |       |       |       |       |       |       ||     5
         Dagger            |       |     3 |     2 |       |       |       |       |       |       ||     5
         Scimitar          |       |       |    28 |    30 |       |       |       |       |       ||    58
         Punch             |       |       |     1 |       |       |       |       |       |       ||     1
         Staff             |       |       |       |       |    24 |     7 |     7 |     3 |    11 ||    52
         Double sword      |       |       |       |       |       |       |       |       |    42 ||    42
  Throw: Dart              |       |       |       |     2 |       |       |       |       |       ||     2
   Cast: Sandblast         |    30 |    36 |     1 |     1 |       |       |       |       |       ||    68
         Stone Arrow       |     3 |    22 |   105 |   136 |     9 |     1 |     4 |       |       ||   280
         Passwall          |       |     2 |       |       |       |       |       |       |       ||     2
         Brom's Barrelling |       |       |     3 |    14 |       |       |     1 |       |       ||    18
         Foxfire           |       |       |       |     8 |       |       |       |       |       ||     8
         Starburst         |       |       |       |    39 |    52 |    32 |       |       |       ||   123
         Fireball          |       |       |       |    53 |   366 |   408 |    30 |    20 |    39 ||   916
         Iskenderun's Myst |       |       |       |       |    15 |    45 |    26 |    17 |    50 ||   153
         Orb of Destructio |       |       |       |       |     6 |    16 |       |       |       ||    22
         Bombard           |       |       |       |       |     4 |    36 |     1 |       |       ||    41
         Blink             |       |       |       |       |       |     2 |       |       |     1 ||     3
         Ignition          |       |       |       |       |       |     8 |    16 |     6 |    11 ||    41
         Fire Storm        |       |       |       |       |       |     6 |   228 |   314 |   598 ||  1146
         Sublimation of Bl |       |       |       |       |       |     1 |     1 |     1 |     4 ||     7
         Lehudib's Crystal |       |       |       |       |       |       |     5 |     1 |    74 ||    80
         Chain Lightning   |       |       |       |       |       |       |       |     4 |   149 ||   153
         Shatter           |       |       |       |       |       |       |       |       |   477 ||   477
         Apportation       |       |       |       |       |       |       |       |       |     1 ||     1
Ability: Begin Untransform |       |       |       |       |       |       |       |       |     9 ||     9
  Evoke: Wand              |       |       |     1 |       |    14 |     5 |       |       |     2 ||    22
         Phantom mirror    |       |       |       |       |       |     1 |       |       |       ||     1
    Use: Scroll            |     1 |    12 |     4 |     6 |     6 |     9 |     3 |     2 |    32 ||    75
         Potion            |       |       |       |     1 |       |     5 |       |     1 |    40 ||    47
 Armour: Robe              |     4 |     5 |    36 |    51 |    48 |       |    11 |    28 |   229 ||   412
         Scale mail        |       |       |       |       |     9 |    14 |       |       |       ||    23
         Ring mail         |       |       |       |       |     8 |       |       |       |       ||     8
         Leather armour    |       |       |       |       |       |   110 |    20 |       |       ||   130
  Dodge: Dodged            |     6 |     6 |    41 |    97 |    79 |   157 |    24 |     8 |   190 ||   608
         Repelled          |       |       |     3 |     3 |     6 |    22 |     2 |       |    18 ||    54
  Block: Buckler           |       |       |       |       |     7 |    36 |    13 |     1 |    30 ||    87
         Kite shield       |       |       |       |       |       |       |       |       |   155 ||   155
         Reflection        |       |       |       |       |       |       |       |       |     2 ||     2
   Form: Death             |       |       |       |       |       |       |       |       |    10 ||    10

Table legend: (Time is in decaauts)
 A = Elapsed time spent in this place.
 B = Non-inter-level travel time spent in this place.
 C = Inter-level travel time spent in this place.
 D = Time resting spent in this place.
 E = Time spent auto-exploring this place.
 F = Levels seen in this place.
 G = Mean time per level.
                   A        B        C        D        E       F      G
               +--------+--------+--------+--------+--------+-----+--------+
         Total |  79278 |  72486 |   6792 |  10520 |  42069 | 138 |  574.5 |
       Dungeon |  20765 |  18308 |   2457 |   1960 |  12762 |  15 | 1384.3 |
        Temple |     10 |     10 |      0 |      0 |      0 |   1 |   10.0 |
          Lair |   8304 |   7049 |   1255 |   1209 |   4708 |   5 | 1660.8 |
        Shoals |   5476 |   4941 |    535 |   1245 |   2692 |   4 | 1369.0 |
     Snake Pit |   7263 |   6704 |    559 |   1871 |   3600 |   4 | 1815.8 |
    Slime Pits |   1013 |    996 |     17 |    344 |     68 |   5 |  202.6 |
  Orcish Mines |   1422 |   1294 |    128 |    465 |    624 |   2 |  711.0 |
   Elven Halls |   4952 |   4880 |     72 |    525 |   3399 |   3 | 1650.7 |
        Vaults |   7071 |   6315 |    756 |    123 |   5017 |   5 | 1414.2 |
         Crypt |   3870 |   3597 |    273 |    128 |   2801 |   3 | 1290.0 |
          Tomb |   1164 |   1096 |     68 |     88 |     86 |   3 |  388.0 |
        Depths |   4847 |   4225 |    622 |    131 |   3429 |   4 | 1211.8 |
          Hell |    314 |    300 |     14 |    111 |      0 |   1 |  314.0 |
           Dis |    739 |    739 |      0 |    135 |    125 |   7 |  105.6 |
       Gehenna |   1028 |   1028 |      0 |    166 |    249 |   6 |  171.3 |
       Cocytus |    646 |    646 |      0 |    162 |      0 |   7 |   92.3 |
      Tartarus |    821 |    821 |      0 |    278 |      5 |   7 |  117.3 |
           Zot |    859 |    829 |     30 |    167 |     53 |   5 |  171.8 |
         Abyss |    346 |    346 |      0 |      0 |    109 |   4 |   86.5 |
   Pandemonium |   3921 |   3921 |      0 |    343 |   1458 |  16 |  245.1 |
      Ziggurat |   3114 |   3114 |      0 |    698 |    461 |  27 |  115.3 |
        Bazaar |    196 |    196 |      0 |      0 |      0 |   1 |  196.0 |
         Trove |     36 |     36 |      0 |      0 |      0 |   1 |   36.0 |
      Ice Cave |    489 |    489 |      0 |    307 |      0 |   1 |  489.0 |
        Wizlab |    601 |    601 |      0 |     63 |    420 |   1 |  601.0 |
               +--------+--------+--------+--------+--------+-----+--------+

Top non-repeatable levels by time:
    D:10: 2280 daAuts
   Elf:1: 2193 daAuts
  Lair:2: 2189 daAuts
    D:13: 2078 daAuts
 Snake:3: 2073 daAuts
 Snake:4: 2062 daAuts
Vaults:5: 2061 daAuts
  Lair:1: 1707 daAuts
    D:14: 1694 daAuts
 Snake:1: 1683 daAuts
  Lair:5: 1662 daAuts
Shoals:3: 1656 daAuts
Vaults:1: 1646 daAuts
    D:15: 1630 daAuts
   Elf:3: 1532 daAuts
